 Dungeon Crawl Stone Soup version 0.24.0-123-gd5b16e6ec5 (webtiles) character file.

Game seed: 2577586266204164223, levelgen mode: deterministic

1442455 DavidChitty2 the Conqueror (level 27, -5/199 HPs)
             Began as a Gargoyle Fighter on Dec 17, 2019.
             Was a High Priest of the Shining One.
             Killed by divine providence
             ... invoked by a greater mummy
              (13 damage)
             ... on level 3 of the Tomb of the Ancients on Dec 18, 2019.
             The game lasted 04:26:18 (101890 turns).

DavidChitty2 the Conqueror (Gargoyle Fighter)     Turns: 101890, Time: 04:26:18

Health: -5/199     AC: 69    Str: 43 (44) XL:     27
Magic:  3/42       EV: 19    Int: 13      God:    the Shining One [*****.]
Gold:   6852       SH: 45    Dex:  7 (9)  Spells: 33/56 levels left

rFire    + + +     SeeInvis .   a - +9 eveningstar (holy)
rCold    + + +     Gourm    .   H - +8 large shield {reflect}
rNeg     + + +     Faith    .   c - +12 gold dragon scales
rPois    ∞         Spirit   .   P - +2 hat {MR+}
rElec    +         Reflect  +   V - scarf {rC+ rF+}
rCorr    .         Harm     .   g - +2 pair of gloves "Izellamana" {MR+ Str+6}
MR       +++++                  I - +2 pair of boots "Togiwez" {rC+ MR+ Str+6 Dex-3}
Stlth    ..........             R - +4 amulet of reflection
HPRegen  0.43/turn              i - ring of protection from fire
MPRegen  0.28/turn              O - ring "Iliuhev" {rC+ Str+4 Stlth-}

@: flying, glowing, studying Long Blades
A: antennae 1, big wings, large bone plates 1, blink, negative energy resistance
1, screaming 1, electricity resistance, strong 1, unbreathing, evolution 1,
petrification resistance, rot immunity, sturdy frame 1, AC +20
}: 14/15 runes: decaying, serpentine, slimy, silver, iron, obsidian, icy, bone,
abyssal, demonic, glowing, magical, fiery, dark
a: Stop Flying, Blink, Divine Shield, Cleansing Flame, Summon Divine Warrior,
Renounce Religion


You were on level 3 of the Tomb of the Ancients.
You worshipped the Shining One.
The Shining One was extremely pleased with you.
You were very hungry.

You visited 17 branches of the dungeon, and saw 85 of its levels.
You visited Pandemonium 4 times, and saw 43 of its levels.
You visited the Abyss 4 times.
You visited 1 ziggurat, and saw 26 of its levels.
You also visited: Trove, Bailey, Gauntlet, Ice Cave and Volcano.

You collected 12228 gold pieces.
You spent 5376 gold pieces at shops.

Inventory:

Hand Weapons
 a - a +9 eveningstar of holy wrath (weapon)
   (Okawaru gifted it to you on level 1 of the Snake Pit)
Missiles
 S - 6 throwing nets (quivered) {!f}
Armour
 c - +12 gold dragon scales (worn)
   (You found it on level 5 of the Depths)
 g - the +2 pair of gloves "Izellamana" (worn) {MR+ Str+6}
   (You found it in an ice cave)

   It affects your strength (+6).
   It affects your resistance to hostile enchantments.
 H - a +8 large shield of reflection (worn)
   (You found it in a bailey)
 I - the +2 pair of boots "Togiwez" (worn) {rC+ MR+ Str+6 Dex-3}
   (You found it on level 7 of the Dungeon)

   It affects your strength (+6).
   It affects your dexterity (-3).
   It protects you from cold.
   It affects your resistance to hostile enchantments.
 P - a +2 hat of magic resistance (worn)
   (Okawaru gifted it to you on level 4 of the Lair of Beasts)
 V - a scarf of resistance (worn)
   (You acquired it on level 10 of the Dungeon)
Jewellery
 i - a ring of protection from fire (left hand)
   (You found it on level 2 of the Depths)
 G - an uncursed ring of resist corrosion
   (You found it on level 9 of the Dungeon)
 O - the ring "Iliuhev" (right hand) {rC+ Str+4 Stlth-}
   (You found it in a Gauntlet)

   [ring of attention]

   It affects your strength (+4).
   It protects you from cold.
   It makes you less stealthy.
 R - a +4 amulet of reflection (around neck)
   (You found it on level 2 of the Lair of Beasts)
Wands
 d - a wand of iceblast (74)
   (You found it on level 2 of the Lair of Beasts)
 t - a wand of flame (158)
   (You found it on level 4 of the Lair of Beasts)
 u - a wand of paralysis (60)
   (You found it on level 9 of the Dungeon)
 v - a wand of digging (40)
   (You found it on level 4 of the Dungeon)
 x - a wand of acid (33)
   (You found it on level 10 of the Dungeon)
 F - a wand of scattershot (6)
   (You found it on level 2 of the Crypt)
Scrolls
 j - a scroll of acquirement
 k - 3 scrolls of vulnerability {!r}
 o - 4 scrolls of silence
 p - 44 scrolls of remove curse {@r2}
 r - 11 scrolls of magic mapping
 y - 6 scrolls of holy word
 A - 33 scrolls of identify {@r1}
 B - 13 scrolls of fog
 C - 15 scrolls of immolation {!r}
 K - 45 scrolls of teleportation {@r4}
 M - 6 scrolls of blinking
 Y - 16 scrolls of fear
Potions
 b - 2 potions of ambrosia
 f - 4 potions of agility
 l - 6 potions of lignification {!q}
 m - 2 potions of cancellation
 n - 27 potions of curing {@q1}
 q - 7 potions of mutation {!q}
 w - 9 potions of resistance
 z - 3 potions of heal wounds {@q2}
 D - 7 potions of magic
 J - 2 potions of haste {@q3}
 Q - 6 potions of might
Books
 h - a manual of Long Blades {!d}
   (You found it in Pandemonium)
Miscellaneous
 E - 13 phantom mirrors
 T - a sack of spiders
Comestibles
 e - 54 rations {!d}


   Skills:
 O Level 27 Fighting
 O Level 27 Maces & Flails
   Level 4.8 Crossbows
 O Level 27 Armour
 O Level 27 Dodging
 - Level 25.0 Shields
 - Level 15.0 Spellcasting
 - Level 11.0 Hexes
 - Level 15.0 Charms
 - Level 7.0 Translocations
 - Level 15.0 Air Magic
 - Level 6.8 Earth Magic
 O Level 27 Invocations
 + Level 26.6 Evocations


You had 33 spell levels left.
You knew the following spells:

 Your Spells              Type           Power        Failure   Level  Hunger
a - Shatter               Erth           ####......   100%        9    #######
b - Blink                 Tloc           N/A          1%          2    None
c - Apportation           Tloc           ####..       1%          1    None
s - Silence               Hex/Air        #####.....   2%          5    #####..
z - Deflect Missiles      Chrm/Air       #####.....   6%          6    ######.

Your spell library contained the following spells:

 Spells                   Type           Power        Failure   Level  Hunger
 Confusing Touch          Hex            #####.       1%          1    None
 Corona                   Hex            #####..      1%          1    None
 Infusion                 Chrm           ####         1%          1    None
 Sandblast                Erth           ####..       1%          1    None
 Shock                    Conj/Air       ####         1%          1    None
 Poisonous Vapours        Pois/Air       ####..       1%          2    None
 Shroud of Golubria       Chrm/Tloc      #####.       1%          2    None
 Slow                     Hex            #####...     1%          2    None
 Song of Slaying          Chrm           #####...     1%          2    None
 Swiftness                Chrm/Air       #####...     1%          2    None
 Confuse                  Hex            #####...     1%          3    None
 Portal Projectile        Hex/Tloc       ####..       1%          3    None
 Spectral Weapon          Hex/Chrm       #####...     1%          3    None
 Tukima's Dance           Hex            #####...     1%          3    None
 Airstrike                Air            #####.....   1%          4    ##.....
 Cause Fear               Hex            #####.....   1%          4    ##.....
 Ensorcelled Hibernation  Hex/Ice        ###...       2%          2    None
 Regeneration             Chrm/Necr      ####......   2%          3    None
 Static Discharge         Conj/Air       ####....     2%          3    None
 Gell's Gravitas          Tloc           ####......   3%          3    None
 Lesser Beckoning         Tloc           ####......   3%          3    None
 Teleport Other           Tloc           ####....     3%          3    None
 Leda's Liquefaction      Hex/Erth       ####......   4%          4    ##.....
 Dazzling Spray           Conj/Hex       ###...       5%          3    None
 Inner Flame              Hex/Fire       ###.....     5%          3    None
 Summon Guardian Golem    Hex/Summ       ###.....     5%          3    None
 Passwall                 Tmut/Erth      ###.....     7%          2    None
 Mephitic Cloud           Conj/Pois/Air  ###.....     7%          3    None
 Summon Lightning Spire   Summ/Air       ####....     9%          4    ##.....
 Passage of Golubria      Tloc           N/A          10%         4    ##.....
 Recall                   Summ/Tloc      N/A          13%         3    None
 Stone Arrow              Conj/Erth      ###...       13%         3    None
 Animate Skeleton         Necr           N/A          19%         1    None
 Beastly Appendage        Tmut           #.....       19%         1    None
 Flame Tongue             Conj/Fire      #....        19%         1    None
 Freeze                   Ice            #...         19%         1    None
 Magic Dart               Conj           #...         19%         1    None
 Pain                     Necr           #...         19%         1    None
 Sting                    Conj/Pois      #...         19%         1    None
 Summon Butterflies       Summ           #.......     19%         1    None
 Summon Small Mammal      Summ           #...         19%         1    None
 Fulminant Prism          Conj/Hex       ###.......   19%         4    ##.....
 Excruciating Wounds      Chrm/Necr      ####......   22%         5    #####..
 Iskenderun's Battlesphe  Conj/Chrm      ####....     22%         5    #####..
 Lightning Bolt           Conj/Air       ####......   22%         5    #####..
 Call Imp                 Summ           #.......     26%         2    None
 Corpse Rot               Necr           N/A          26%         2    None
 Searing Ray              Conj           #.....       26%         2    None
 Sticks to Snakes         Tmut           #.......     26%         2    None
 Throw Flame              Conj/Fire      #.....       26%         2    None
 Throw Frost              Conj/Ice       #.....       26%         2    None
 Lee's Rapid Deconstruct  Erth           ####......   30%         5    #####..
 Darkness                 Hex            #####.....   30%         6    ######.
 Invisibility             Hex            #####...     30%         6    ######.
 Force Lance              Conj/Tloc      ###.....     38%         4    ##.....
 Petrify                  Tmut/Erth      ###.....     41%         4    ##.....
 Metabolic Englaciation   Hex/Ice        ###.......   45%         5    #####..
 Summon Mana Viper        Hex/Summ       ###.....     45%         5    #####..
 Yara's Violent Unravell  Hex/Tmut       ###.......   45%         5    #####..
 Call Canine Familiar     Summ           #.......     47%         3    None
 Conjure Flame            Conj/Fire      #.......     47%         3    None
 Ignite Poison            Fire/Tmut/Pois #.......     47%         3    None
 Spider Form              Tmut/Pois      #.........   47%         3    None
 Vampiric Draining        Necr           #.........   47%         3    None
 Summon Forest            Summ/Tloc      ###.......   75%         5    #####..
 Borgnjor's Vile Clutch   Necr/Erth      ###.......   77%         5    #####..
 Conjure Ball Lightning   Conj/Air       ####......   77%         6    ######.
 Dispersal                Tloc           ####......   83%         6    ######.
 Animate Dead             Necr           N/A          87%         4    ##.....
 Ice Form                 Ice/Tmut       #.......     87%         4    ##.....
 Iskenderun's Mystic Bla  Conj           #.......     87%         4    ##.....
 Olgreb's Toxic Radiance  Pois           #.......     87%         4    ##.....
 Sticky Flame             Conj/Fire      #.......     87%         4    ##.....
 Summon Ice Beast         Ice/Summ       #.......     87%         4    ##.....
 Bolt of Magma            Conj/Fire/Erth ###.......   89%         5    #####..
 Freezing Cloud           Conj/Ice/Air   ###.......   98%         6    ######.
 Agony                    Necr           #.......     99%         5    #####..
 Alistair's Intoxication  Tmut/Pois      #.......     99%         5    #####..
 Aura of Abjuration       Summ           #.........   99%         5    #####..
 Blade Hands              Tmut           #.........   99%         5    #####..
 Bolt of Draining         Conj/Necr      #.........   99%         5    #####..
 Dispel Undead            Necr           #.......     99%         5    #####..
 Fireball                 Conj/Fire      #.........   99%         5    #####..
 Irradiate                Conj/Tmut      #.........   99%         5    #####..
 Summon Demon             Summ           #.........   99%         5    #####..
 Venom Bolt               Conj/Pois      #.........   99%         5    #####..
 Bolt of Cold             Conj/Ice       #.........   100%        6    ######.
 Bolt of Fire             Conj/Fire      #.........   100%        6    ######.
 Death Channel            Necr           #.........   100%        6    ######.
 Hydra Form               Tmut           #.........   100%        6    ######.
 Iron Shot                Conj/Erth      ###.......   100%        6    ######.
 Ozocubu's Refrigeration  Ice            #.........   100%        6    ######.
 Poison Arrow             Conj/Pois      #.........   100%        6    ######.
 Shadow Creatures         Summ           N/A          100%        6    ######.
 Simulacrum               Ice/Necr       #.........   100%        6    ######.
 Dragon Form              Tmut           #.........   100%        7    #######
 Haunt                    Necr/Summ      #.........   100%        7    #######
 Malign Gateway           Summ/Tloc      ###.......   100%        7    #######
 Monstrous Menagerie      Summ           #.........   100%        7    #######
 Orb of Destruction       Conj           #.........   100%        7    #######
 Ring of Flames           Chrm/Fire      ####......   100%        7    #######
 Spellforged Servitor     Conj/Summ      #.........   100%        7    #######
 Summon Greater Demon     Summ           #.........   100%        7    #######
 Summon Hydra             Summ           #.........   100%        7    #######
 Borgnjor's Revivificati  Necr           #.........   100%        8    #######
 Chain Lightning          Conj/Air       ####......   100%        8    #######
 Controlled Blink         Tloc           N/A          100%        8    #######
 Death's Door             Chrm/Necr      ####......   100%        8    #######
 Discord                  Hex            #####.....   100%        8    #######
 Disjunction              Tloc           ####......   100%        8    #######
 Ignition                 Fire           #.........   100%        8    #######
 Infestation              Necr           #.........   100%        8    #######
 Lehudib's Crystal Spear  Conj/Erth      ###.......   100%        8    #######
 Necromutation            Tmut/Necr      #.........   100%        8    #######
 Summon Horrible Things   Summ           #.........   100%        8    #######
 Dragon's Call            Summ           #.........   100%        9    #######
 Fire Storm               Conj/Fire      #.........   100%        9    #######
 Glaciate                 Conj/Ice       #.........   100%        9    #######
 Tornado                  Air            #####.....   100%        9    #######
 Sublimation of Blood     Necr           Unusable     N/A         2    N/A
 Statue Form              Tmut/Erth      Unusable     N/A         6    N/A

Dungeon Overview and Level Annotations

Branches:
Dungeon (15/15)            Temple (1/1) D:6            Lair (6/6) D:8
  Swamp (4/4) Lair:2        Snake (4/4) Lair:3        Slime (5/5) Lair:6
    Orc (2/2) D:12            Elf (3/3) Orc:2        Vaults (5/5) D:14
  Crypt (3/3) Vaults:3       Tomb (3/3) Crypt:3      Depths (5/5) D:15
   Hell (visited)             Dis (7/7) Hell            Geh (7/7) Hell
    Coc (7/7) Hell            Tar (7/7) Hell            Zot (0/5) Depths:5
 Bailey (visited)           IceCv (visited)         Volcano (visited)
Gauntlet (visited)

Altars:
Ashenzari
Cheibriados
Dithmenos
Elyvilon
Fedhas
Gozag
Hepliaklqana
Kikubaaqudgha
Makhleb
Nemelex Xobeh
Okawaru
Qazlal
Ru
Sif Muna
Trog
Uskayaw
Vehumet
Wu Jian
Xom
Yredelemnul
Zin
The Shining One
Jiyva

Shops:
D:4 *   D:7 %*(   D:12 (   D:14 %   Orc:2 [(*(   Elf:2 :   Elf:3 (   Snake:1 (
Snake:2 ?*   Snake:3 *   Snake:4 [}   Vaults:2 ![!   Vaults:5 *   Depths:1 }(!
Depths:4 =

Portals:
Hell: Depths:1 Depths:2 Depths:3 Depths:4 Depths:5
Abyss: Depths:4
Pandemonium: Depths:3 Depths:4
Bazaar: Orc:2

Annotations:
D:13 2 transporters, exclusion: orange crystal statue
Depths:5 5 runed translucent doors


Innate Abilities, Weirdness & Mutations

You are resistant to torment.
Your stone body is resilient. (AC +20)
You are immune to poison.
Your large and strong wings let you fly indefinitely.
You resist negative energy. (rN+)
You are resistant to electric shocks. (rElec)
You can survive without breathing.
You are immune to petrification.
You are immune to rotting.
You have a pair of small antennae on your head.
You are partially covered in large bone plates. (SH +4)
You can translocate small distances at will.
You occasionally shout uncontrollably at your foes.
Your muscles are strong. (Str +2)
You evolve.
Your movements are slightly less encumbered by armour. (ER -2)


Message History

You feel better.
You feel your power returning.
The spectral centaur disappears in a puff of smoke!
The shadow wraith disappears in a puff of smoke!
The phantasmal warrior disappears in a puff of smoke!
The spectral golden dragon disappears in a puff of smoke!
You feel extremely nervous for a moment...
Something reaches out for you... You block the red devil's attack.
The smoke demon is engulfed in blazing flames.
The mummy priest utters an invocation to its god.
The golden flame engulfs you but does no damage.
You resist.
The golden flame engulfs the stone giant zombie!!
The stone giant zombie writhes in agony!
The golden flame engulfs the soul eater!!
The soul eater writhes in agony!
The golden flame engulfs the necrophage!!!
The necrophage writhes in agony!
You destroy the necrophage!
The necrophage's corpse disappears in a puff of smoke!
The golden flame engulfs the red devil!!!
The red devil writhes in agony!
You kill the red devil!
The golden flame engulfs the ushabti!!
The golden flame engulfs the smoke demon!!!
The smoke demon writhes in agony!
You kill the smoke demon!
The golden flame engulfs the flayed ghost!!!
The flayed ghost writhes in agony!
You destroy the flayed ghost!
You are feeling very hungry.
A flying skull comes into view.
You shout at the flying skull!
The ushabti shakes and rattles deafeningly!
The stone giant zombie is engulfed in blazing flames.
You block the stone giant zombie's attack.
The ushabti is engulfed in blazing flames.
You block the soul eater's attack.
You hit the soul eater but do no damage.
The stone giant zombie is engulfed in blazing flames.
The stone giant zombie hits you but does no damage.
The guardian mummy is engulfed in blazing flames.
You block the ushabti's attack.
You hit the soul eater but do no damage.
You block the soul eater's attack.
You perforate the stone giant zombie like a sieve!!!!
You destroy the stone giant zombie!
You hear a hideous shriek!
The greater mummy points at you and mumbles some strange words.
Something smites you!
You die... #..Z...# #MMMzzs#.
MVMMsz84. #V.3s.M# #MVzzMW# #sMM3..# #MZsZ4s# #38zZ..# #@☼°M..# ########

You could see 2 greater mummies, 6 emperor scorpions, 3 mummy priests, 2 jiangshi, a soul eater, 2 orange demons, a phantasmal warrior, 3 guardian mummies, 2 ushabtiu, a spectral titan, a sixfirhy, a smoke demon, a vampire, 4 flying skulls, 5 mummies, 2 wights, a shadow dragon zombie and a golden dragon skeleton.

Vanquished Creatures
  Cerebov (Pan)
  Antaeus (Coc:7)
  Ereshkigal (Tar:7)
  Gloorx Vloq (Pan)
  the Royal Jelly (Slime:5)
  Mnoleg (Pan)
  Ignacio (Pan)
  the Serpent of Hell (Tar:7)
  2 ancient liches
  Khufu (Tomb:2)
  Dispater (Dis:7)
  Mara (Vaults:4)
  Mennas (Vaults:5)
  7 juggernauts
  53 greater mummies
  9 shard shrikes
  The ghost of Vodaur the Gnoll Aeon, a veteran GnFi of Cheibriados (Depths:2)
  the Lernaean hydra (Swamp:4)
  Margery (Vaults:2)
  Geryon (Hell)
  Xtahua (Depths:5)
  12 golden dragons
  the Enchantress (Depths:1)
  3 caustic shrikes
  3 profane servitors
  5 doom hounds
  A shard shrike zombie (Crypt:1)
  7 iron giants
  27 Brimstone Fiends
  16 bone dragons
  A hellephant (Zig:12)
  28 Tzitzimimeh
  21 pandemonium lords
  27 Hell Sentinels
  19 Ice Fiends
  17 tentacled monstrosities
  Asterion (Depths:2)
  9 deep elf master archers
  12 titans
  26 tentacled starspawn
  15 liches
  16 acid blobs
  13 sphinxes
  9 deep elf blademasters
  40 Executioners
  8 eldritch tentacles
  6 quicksilver dragons
  24 ancient champions
  Kirke (Lair:4)
  6 thorn hunters
  2 storm dragons (Vaults:5)
  10 azure jellies
  10 tengu reavers
  Roxanne (Elf:3)
  21 nagarajas
  11 draconian monks
  3 revenants
  12 shadow dragons
  20 fire giants
  3 daevas
  7 deep elf sorcerers
  10 draconian knights
  A ghost moth (Zig:7)
  Aizul (Swamp:4)
  12 vault wardens
  34 frost giants
  64 balrugs
  31 cacodemons
  12 draconian scorchers
  6 draconian stormcallers
  10 iron dragons
  20 warmongers
  10 caustic shrike zombies
  An emperor scorpion (Zig:7)
  3 orc warlords
  The ghost of prawnwizard the Phalangite, a journeyman MfMo of Hepliaklqana (Orc:1)
  6 curse skulls
  3 juggernaut zombies
  4 ghouls
  Louise (Elf:2)
  4 deep elf elementalists
  An angel (Pan)
  7 draconian shifters
  84 reapers
  48 stone giants
  6 draconian annihilators
  3 spriggan defenders (Depths:1)
  25 very ugly things
  An elemental wellspring (Coc:7)
  28 blood saints
  10 ironheart preservers
  A caustic shrike skeleton (Zig:24)
  22 war gargoyles
  26 corrupters
  A black draconian (Depths:5)
  18 bennus
  The ghost of Amet the Severer, a journeyman MiBe of Trog (Swamp:1)
  2 entropy weavers
  7 vampire knights
  A juggernaut skeleton (Zig:25)
  A minotaur (Gauntlet)
  7 green draconians
  9 purple draconians
  2 ophanim (Abyss:3)
  18 black suns
  5 white draconians
  7 deep elf demonologists
  24 lorocyprocas
  15 deep elf annihilators
  5 spark wasps
  7 red draconians
  9 yellow draconians
  4 dire elephants
  2 eidola
  A merfolk javelineer (Zig:26)
  10 deep elf death magi
  16 ettins
  36 blizzard demons
  Snorg (Lair:3)
  8 fire dragons
  5 quicksilver dragon zombies
  3 death oozes (Slime:5)
  33 green deaths
  A spectral kraken (Tar:7)
  45 mummy priests
  41 small abominations
  2 crystal guardians
  23 yaktaur captains
  18 jiangshi
  3 deep elf high priests
  16 great orbs of eyes
  Fannar (D:11)
  30 vault guards
  6 quicksilver dragon skeletons
  13 naga warriors
  31 hydras
  9 hell beasts
  6 ghost crabs
  25 ice dragons
  9 rakshasas
  17 monstrous demonspawn (Pan)
  7 death knights
  A catoblepas (Lair:3)
  A two-headed ogre (shapeshifter) (Depths:2)
  A spectral sphinx (Zig:6)
  4 spriggan air magi
  15 anacondas
  7 shambling mangroves
  71 death scarabs
  20 alligators
  10 ogre magi
  28 two-headed ogres
  4 satyrs (Zig:26)
  8 deep troll shamans
  12 centaur warriors
  28 dancing weapons
  9 vampire magi
  A queen ant (shapeshifter) (Gauntlet)
  10 deep troll earth magi
  2 death yaks
  4 tengu warriors
  7 titan zombies
  4 orc high priests
  24 hell hogs
  16 naga sharpshooters
  6 holy swine (Pan)
  9 spriggan berserkers
  23 thrashing horrors
  96 sun demons
  11 shock serpents
  13 iron golems
  73 soul eaters
  14 wretched stars
  26 deep elf knights
  40 sixfirhies
  10 storm dragon zombies
  10 shadow wraiths
  8 titan skeletons
  50 hell knights
  2 salamander mystics
  9 sea snakes (Snake:4)
  147 skeletal warriors
  The ghost of Iamsoldier the Poker, a novice DsBe of Trog (D:7)
  14 flayed ghosts
  10 storm dragon skeletons
  8 death drakes
  5 golden dragon zombies
  5 ghost moth zombies
  A quicksilver dragon simulacrum (Abyss:3)
  4 unseen horrors
  34 shadow demons
  22 torturous demonspawn
  2 spriggan druids (Zig:18)
  14 swamp dragons
  9 iron trolls
  7 glowing orange brains
  35 deep trolls
  12 anaconda zombies
  4 orange crystal statues
  6 wizards
  20 gelid demonspawn (Pan)
  19 infernal demonspawn (Pan)
  A cherub (Pan)
  33 deep elf archers
  9 golden dragon skeletons
  An obsidian statue (Zig:17)
  6 spatial maelstroms
  A lindwurm (shapeshifter) (Gauntlet)
  8 shadow dragon zombies
  2 kraken simulacra (Coc:7)
  21 ironbrand convokers
  9 anaconda skeletons
  7 naga ritualists
  A lindwurm (Lair:5)
  6 wolf spider zombies
  22 necromancers
  15 phantasmal warriors
  A tengu zombie (Zig:24)
  7 shadow dragon skeletons
  23 orc knights
  19 mana vipers
  5 harpies (Vaults:3)
  5 iron dragon zombies
  2 oklob plants (Swamp:3)
  7 wolf spiders
  46 ugly things
  6 worldbinders
  2 tengu skeletons
  3 shining eyes
  A salamander (shapeshifter) (Depths:2)
  15 fire giant zombies
  A draconian (Abyss:3)
  4 fauns (Zig:26)
  A faun (shapeshifter) (Vaults:5)
  10 orc sorcerers
  8 frost giant zombies
  83 deep elf magi
  2 manticores (D:15)
  14 stone giant zombies
  A moth of wrath (D:7)
  An elephant (shapeshifter) (Depths:3)
  4 dire elephant zombies
  5 stone giant skeletons
  Maurice (Orc:1)
  5 cyclopes
  10 molten gargoyles
  2 sphinx skeletons (Zig:24)
  11 salamanders
  4 frost giant skeletons
  An apocalypse crab (Zig:20)
  16 vault sentinels
  40 black mambas
  4 iron dragon skeletons
  11 eyes of devastation
  A black mamba (shapeshifter) (Depths:3)
  3 ice statues
  2 guardian serpents (shapeshifter)
  33 rust devils
  11 elephants
  Joseph (D:9)
  5 gargoyles
  19 guardian serpents
  20 naga magi
  4 centaur zombies
  2 torpor snails (shapeshifter)
  6 storm dragon simulacra (Coc:7)
  37 spiny frogs
  2 titan simulacra (Coc:7)
  102 smoke demons
  4 fire giant skeletons
  2 torpor snails
  46 orange demons
  A shock serpent skeleton (Tomb:1)
  3 spectral swamp worms (Tar:7)
  A spiny frog (shapeshifter) (Depths:2)
  A black draconian zombie (Crypt:2)
  60 hellions
  3 dire elephant skeletons
  A minotaur zombie (Geh:4)
  A rime drake (shapeshifter) (Depths:2)
  5 rime drakes
  A catoblepas zombie (Geh:7)
  2 emperor scorpion zombies
  3 kobold demonologists
  A yaktaur zombie (Vaults:5)
  15 ancient zymes
  50 ice devils
  19 demonic crawlers
  4 komodo dragons (shapeshifter)
  8 anaconda simulacra
  49 tormentors
  12 komodo dragons
  39 freezing wraiths
  35 yaktaurs
  A pale draconian zombie (Crypt:2)
  2 yaktaurs (shapeshifter)
  A ghost moth simulacrum (Crypt:2)
  68 guardian mummies
  A harpy zombie (Dis:6)
  2 human skeletons
  11 efreet
  2 minotaur skeletons
  A golden dragon simulacrum (Vaults:5)
  4 silent spectres
  10 tyrant leeches
  A merfolk (shapeshifter) (Vaults:2)
  7 tengu conjurers
  77 red devils
  4 trolls
  10 hydra zombies
  2 catoblepas skeletons
  A yaktaur skeleton (Vaults:2)
  103 large abominations
  31 hellwings
  2 jumping spiders
  A merfolk (D:15)
  4 spriggan skeletons
  A polar bear (Lair:6)
  A sphinx simulacrum (Zig:19)
  94 slime creatures
  A meliai (shapeshifter) (Vaults:5)
  16 hornets
  5 hydra skeletons
  2 hippogriffs (shapeshifter)
  A fire giant simulacrum (Vaults:5)
  Prince Ribbit (D:6)
  5 harpy skeletons
  39 raiju
  10 ettin zombies
  8 dream sheep
  26 blink frogs
  5 alligator zombies
  6 hippogriffs
  2 fire dragon zombies
  13 bog bodies
  A frost giant simulacrum (Coc:4)
  2 air elementals (Elf:2)
  68 ynoxinuls
  3 ice dragon zombies
  8 ice dragon skeletons
  A satyr skeleton (Crypt:3)
  155 starcursed masses
  9 spriggans
  141 flying skulls
  11 water elementals
  An alligator skeleton (Crypt:2)
  4 vampires
  5 redbacks
  A spriggan (shapeshifter) (Depths:2)
  40 shadows
  4 fire dragon skeletons
  37 ushabtiu
  6 ettin skeletons
  A tarantella (shapeshifter) (Vaults:4)
  2 black mamba zombies
  42 wraiths
  2 yaks (shapeshifter)
  14 yaks
  9 elf zombies
  A hog (Lair:4)
  2 black mamba skeletons
  17 golden eyes
  A human (shapeshifter) (Vaults:2)
  3 basilisks
  2 human simulacra
  3 wyverns
  30 fire elementals
  2 humans (D:14)
  7 fire bats
  A basilisk (shapeshifter) (Vaults:3)
  5 hungry ghosts
  A wind drake skeleton (Crypt:3)
  31 vampire mosquitoes
  3 death yak simulacra (IceCv)
  55 chaos spawn
  38 neqoxecs
  17 swamp worms
  13 wargs
  A yaktaur simulacrum (Vaults:2)
  54 nagas
  2 spatial vortices (Abyss:5)
  A naga (shapeshifter) (Depths:2)
  4 acid dragons
  2 soldier ants (shapeshifter)
  9 spiny frog zombies
  21 insubstantial wisps
  A water nymph zombie (Crypt:3)
  5 hydra simulacra (Coc:7)
  A floating eye (Abyss:3)
  14 water moccasins
  9 porcupines
  51 hell hounds
  48 orc warriors
  A porcupine (shapeshifter) (Abyss:3)
  2 sky beasts
  20 swamp drakes
  A fire dragon simulacrum (Coc:5)
  A swamp drake (shapeshifter) (Abyss:3)
  21 ice beasts
  A hornet zombie (D:12)
  An ice beast (shapeshifter) (Abyss:3)
  10 phantoms
  A black bear (shapeshifter) (Gauntlet)
  5 spiny frog skeletons
  3 black bears
  An alligator simulacrum (IceCv)
  4 boggarts
  2 swamp dragon zombies
  An ogre (shapeshifter) (Abyss:3)
  3 snapping turtle skeletons
  6 eyes of draining
  3 centaurs (shapeshifter)
  2 manticore zombies
  32 necrophages
  A tengu (shapeshifter) (Abyss:3)
  3 snapping turtle zombies
  A wolf (shapeshifter) (Abyss:3)
  5 wolves
  43 ogres
  2 orc skeletons
  An elephant skeleton (Crypt:2)
  8 centaurs
  2 manticore skeletons
  2 swamp dragon skeletons
  16 crocodiles
  A hog skeleton (Crypt:3)
  9 human zombies
  A big kobold (shapeshifter) (Depths:2)
  Blork the orc (D:5)
  4 big kobolds
  A wyvern zombie (D:14)
  A bullfrog (shapeshifter) (Abyss:3)
  3 gnoll sergeants (D:7)
  24 bullfrogs
  An earth elemental (Elf:2)
  9 elf skeletons
  2 glowing shapeshifter simulacra
  A water moccasin zombie (D:9)
  2 cyclops skeletons
  2 scorpions
  An elf simulacrum (Vaults:3)
  3 spriggan zombies
  A troll zombie (Geh:2)
  A killer bee (shapeshifter) (Abyss:3)
  19 killer bees
  87 wights
  2 howler monkeys
  9 electric eels
  13 lava snakes
  13 crimson imps
  5 quasits
  A draconian simulacrum (IceCv)
  2 bullfrog zombies
  5 jellies
  43 orc wizards
  5 bullfrog skeletons
  36 orc priests
  4 hounds
  37 iron imps
  4 centaur skeletons
  4 hell rats (Hell)
  3 iguanas
  2 worker ants (shapeshifter) (Abyss:3)
  10 worker ants
  7 troll simulacra (IceCv)
  6 spriggan simulacra (IceCv)
  2 felid zombies
  3 centaur simulacra (IceCv)
  A naga zombie (Crypt:2)
  A naga skeleton (Geh:4)
  An ogre skeleton (Crypt:2)
  An acid dragon skeleton (Crypt:3)
  123 mummies
  3 hound zombies
  2 hound skeletons
  Robin (D:4)
  7 gnolls
  23 adders
  A naga simulacrum (IceCv)
  2 ogre simulacra (IceCv)
  23 shadow imps
  26 white imps
  6 ufetubi
  3 oozes
  An adder zombie (D:9)
  A halfling zombie (Crypt:1)
  2 adder skeletons
  A lava snake skeleton (Crypt:3)
  6 worms
  A dart slug (D:1)
  3 leopard geckos
  119 orcs
  7 spectral bats (Abyss:3)
  A ball python (shapeshifter) (Depths:2)
  A bat (shapeshifter) (Depths:2)
  14 bats
  3 giant cockroaches
  14 goblins
  4 hobgoblins
  11 jackals
  28 kobolds
  5 quokkas
  4 ball pythons
  4 bat simulacra (Abyss:3)
  A dart slug zombie (Crypt:1)
  6 frilled lizards
  A frilled lizard zombie (Crypt:3)
  A gnoll zombie (Crypt:2)
  A kobold skeleton (Crypt:3)
  A kobold zombie (Tar:2)
  An orc zombie (Dis:6)
  5 rats
  2 briar patches (Swamp:3)
  30 starspawn tentacles
  2 tentacles (Coc:7)
6526 creatures vanquished.

Vanquished Creatures (collateral kills)
  Asmodeus (Geh:7)
  Lom Lobon (Pan)
  3 shard shrikes (Coc:5)
  A golden dragon (Zig:18)
  A lich (Pan)
  An Ice Fiend (Coc:7)
  An acid blob (Zig:21)
  2 Executioners (Pan)
  A fire giant (Geh:7)
  3 draconian monks (Zig:23)
  A draconian shifter (Zig:23)
  A draconian scorcher (Zig:23)
  5 stone giants
  3 black draconians (Zig:23)
  A white draconian (Zig:23)
  2 yellow draconians (Zig:23)
  2 blizzard demons (Pan)
  A yaktaur captain (Zig:26)
  A rakshasa (Pan)
  A shambling mangrove (Zig:18)
  A hydra (Zig:18)
  A centaur warrior (Zig:26)
  A catoblepas (Zig:12)
  A hell knight (Geh:7)
  An iron golem (Dis:7)
  3 sun demons (Hell)
  A skeletal warrior (Hell)
  A shadow wraith (Hell)
  A death drake (Zig:18)
  A glowing orange brain (Pan)
  An anaconda zombie (Coc:5)
  An anaconda skeleton (Hell)
  A wizard (Pan)
  An iron dragon skeleton (Pan)
  A faun (Zig:26)
  A cyclops (Zig:26)
  A black mamba (Zig:16)
  3 spiny frogs
  2 ice statues
  A smoke demon (Pan)
  2 tormentors
  An ice devil (Hell)
  A catoblepas skeleton (Coc:5)
  A red devil (Hell)
  A bog body (Zig:18)
  A slime creature (Slime:5)
  A hydra skeleton (Hell)
  An alligator zombie (Hell)
  3 flying skulls (Geh:7)
  An ice dragon skeleton (Coc:5)
  A water elemental (Coc:5)
  A wraith (Tar:7)
  A hell hound (Hell)
  A swamp drake (Zig:18)
  A swamp dragon zombie (Coc:5)
  2 wights (Coc:5)
  A ball lightning (Pan)
  A fungus (Lair:4)
  A plant (Lair:4)
81 creatures vanquished.

Vanquished Creatures (others)
  An Ice Fiend (Zig:22)
  2 deep elf blademasters
  A titan (Geh:7)
  5 deep elf master archers
  A warmonger (Zig:22)
  An ironheart preserver (Vaults:2)
  A curse skull (Crypt:2)
  A cacodemon (Zig:22)
  An elemental wellspring (Coc:6)
  A draconian stormcaller (Zig:23)
  2 blood saints (Pan)
  3 stone giants
  5 yaktaur captains
  A blizzard demon (Pan)
  3 centaur warriors
  A spriggan (Zig:18)
  A hell hog (Geh:5)
  4 naga sharpshooters
  2 deep elf knights
  A sixfirhy (Pan)
  A titan skeleton (Geh:2)
  2 unseen horrors
  A shadow demon (Pan)
  A storm dragon skeleton (Coc:7)
  2 naga ritualists
  A swamp dragon (Zig:18)
  6 deep elf archers
  3 deep elf magi
  A mana viper (Zig:16)
  A stone giant zombie (Crypt:3)
  A black mamba (Zig:16)
  3 cyclopes
  An orange demon (Pan)
  A naga mage (Zig:16)
  11 yaktaurs
  A tormentor (Pan)
  A guardian mummy (Tomb:3)
  2 hornets (Zig:18)
  A bog body (Zig:18)
  A water elemental (Coc:7)
  A ynoxinul (Pan)
  3 golden eyes
  A chaos spawn (Abyss:3)
  A fire bat (Abyss:3)
  A hell hound (Geh:2)
  A water moccasin (Lair:4)
  A small abomination (Abyss:5)
  A swamp drake (Zig:18)
  6 centaurs
  2 wights (Geh:4)
  An orc wizard (Orc:2)
  6 ball lightnings (Pan)
  5 orcs
  A goblin (D:2)
  A bat (Abyss:3)
  A frilled lizard (shapeshifter) (Abyss:3)
  10 briar patches
  13 bushes
  A demonic plant (Abyss:3)
  A fire vortex (Pan)
  18 fungi
  47 plants
  54 starspawn tentacles
  14 tentacles
  6 toadstools (Lair:3)
277 creatures vanquished.

Grand Total: 6884 creatures vanquished

Notes
Turn   | Place    | Note
-------+----------+-------------------------------------------
     0 | D:1      | DavidChitty2 the Gargoyle Fighter began the quest for the
                  | Orb.
     0 | D:1      | Reached XP level 1. HP: 14/14 MP: 1/1
    86 | D:1      | Reached XP level 2. HP: 19/19 MP: 2/2
   345 | D:1      | Reached XP level 3. HP: 20/23 MP: 3/3
   888 | D:2      | Found a white marble altar of Elyvilon.
  1089 | D:1      | Reached XP level 4. HP: 27/29 MP: 4/4
  1279 | D:2      | Found a stormy altar of Qazlal.
  1844 | D:3      | Reached XP level 5. HP: 23/33 MP: 5/5
  2637 | D:4      | Got a pitted rapier
  2748 | D:4      | Reached XP level 6. HP: 37/38 MP: 6/6
  2908 | D:4      | Found a glowing silver altar of Zin.
  2938 | D:4      | Found Poumog's Assorted Antiques.
  3017 | D:4      | Got an ichor-stained leather armour
  3067 | D:4      | Found Muesur's Assorted Antiques.
  3268 | D:4      | Noticed Robin
  3274 | D:4      | Killed Robin
  3569 | D:4      | Bought a large diamond ring for 160 gold pieces
  3592 | D:5      | Entered Level 5 of the Dungeon
  3595 | D:5      | Found a radiant altar of Vehumet.
  3655 | D:5      | Reached XP level 7. HP: 41/44 MP: 7/7
  3703 | D:5      | Reached skill level 5 in Maces & Flails
  3922 | D:5      | Noticed Blork the orc
  3946 | D:5      | Killed Blork the orc
  3960 | D:5      | Reached skill level 5 in Fighting
  3960 | D:5      | Reached skill level 5 in Armour
  3960 | D:5      | Reached skill level 5 in Shields
  4500 | D:5      | Reached XP level 8. HP: 49/49 MP: 8/8
  4730 | D:5      | Found a shimmering blue altar of Sif Muna.
  4854 | D:6      | Got a jewelled dagger
  4930 | D:6      | Noticed Prince Ribbit
  5323 | D:6      | Found a staircase to the Ecumenical Temple.
  5407 | Temple   | Entered the Ecumenical Temple
  5600 | Temple   | Became a worshipper of Warmaster Okawaru
  5766 | D:6      | Reached skill level 1 in Invocations
  5958 | D:6      | Killed Prince Ribbit
  6161 | D:7      | Found Iceibbot's Weapon Shop.
  6200 | D:6      | Reached * piety under Okawaru
  6404 | D:6      | Reached XP level 9. HP: 37/55 MP: 10/10
  6642 | D:7      | Found an opulent altar of Gozag.
  6708 | D:7      | Got a pair of faintly glowing boots
  6714 | D:7      | Identified the +2 pair of boots "Togiwez" {rC+ MR+ Str+6
                  | Dex-3} (You found it on level 7 of the Dungeon)
  6735 | D:7      | Reached ** piety under Okawaru
  7028 | D:7      | Found Kiogenleyrgh's Food Shop.
  7269 | D:7      | Found a transporter.
  7271 | D:7      | Found a transporter.
  7277 | D:7      | Found a bloodstained altar of Trog.
  7285 | D:7      | Noticed Iamsoldier's ghost (novice DsBe)
  7285 | D:7      | Noticed a moth of wrath
  7294 | D:7      | Identified the cursed +1 battleaxe of Righteous Fury
                  | {antimagic, rPois}
  7294 | D:7      | Noticed a tengu warrior
  7468 | D:7      | Found Naofoq's General Store.
  7753 | D:8      | Reached XP level 10. HP: 38/63 MP: 13/13
  7929 | D:8      | Found a burning altar of Makhleb.
  7929 | D:8      | Found a sparkling altar of Nemelex Xobeh.
  7961 | D:8      | Found a staircase to the Lair.
  8246 | D:8      | Found a glowing golden altar of the Shining One.
  8324 | D:8      | Reached *** piety under Okawaru
  8510 | D:9      | Got a polished spear
  8573 | D:9      | Reached skill level 5 in Invocations
  8871 | D:9      | Noticed Joseph
  8894 | D:9      | Killed Joseph
  9001 | D:9      | Reached **** piety under Okawaru
  9532 | D:10     | Entered Level 10 of the Dungeon
  9549 | D:10     | Noticed a vault guard
  9579 | D:10     | Killed a vault guard
  9579 | D:10     | Reached skill level 10 in Maces & Flails
  9579 | D:10     | Reached XP level 11. HP: 31/69 MP: 13/15
  9768 | D:10     | Found a portal to a secret trove of treasure.
 10300 | D:10     | Identified a scroll of acquirement
 10504 | D:11     | Noticed a cyan ugly thing
 10516 | D:11     | Killed a cyan ugly thing
 10705 | Lair:1   | Entered Level 1 of the Lair of Beasts
 10730 | D:8      | Reached ***** piety under Okawaru
 10943 | Lair:1   | Received a gift from Okawaru
 11522 | Lair:1   | Noticed an orange crystal statue
 11529 | Lair:1   | Noticed a four-headed hydra
 11645 | Lair:1   | Noticed a seven-headed hydra
 12194 | Lair:2   | Noticed a seven-headed hydra
 12200 | Lair:2   | Killed a seven-headed hydra
 12284 | Lair:2   | Reached XP level 12. HP: 53/76 MP: 17/17
 12585 | Lair:2   | Noticed a six-headed hydra
 12595 | Lair:2   | Killed a six-headed hydra
 12932 | Lair:2   | Received a gift from Okawaru
 12942 | Lair:2   | Found a staircase to the Swamp.
 13670 | Lair:3   | Found a staircase to the Snake Pit.
 13844 | Lair:3   | Reached skill level 10 in Shields
 13867 | Lair:3   | Noticed a six-headed hydra
 13878 | Lair:3   | Killed a six-headed hydra
 13878 | Lair:3   | Reached skill level 10 in Fighting
 13878 | Lair:3   | Reached skill level 10 in Armour
 14010 | Lair:3   | Noticed a dire elephant
 14010 | Lair:3   | Noticed a catoblepas
 14010 | Lair:3   | Noticed Snorg
 14030 | Lair:3   | Found a runed translucent door.
 14217 | Lair:3   | Received a gift from Okawaru
 14712 | Lair:4   | Noticed Kirke
 14731 | Lair:4   | Killed Kirke
 14912 | Lair:4   | Noticed a four-headed hydra
 14923 | Lair:4   | Killed a four-headed hydra
 14923 | Lair:4   | Reached XP level 13. HP: 78/83 MP: 17/19
 14956 | Lair:4   | Received a gift from Okawaru
 16268 | Lair:6   | Entered Level 6 of the Lair of Beasts
 16308 | Lair:6   | Found a gate leading to a gauntlet.
 16343 | Gauntlet | Entered a Gauntlet
 16343 | Gauntlet | Found a transporter.
 16343 | Gauntlet | Found a transporter.
 16344 | Gauntlet | Found a transporter.
 16344 | Gauntlet | Found a transporter.
 16347 | Gauntlet | Found a transporter.
 16361 | Gauntlet | Found a transporter.
 16362 | Gauntlet | Noticed a minotaur
 16423 | Gauntlet | Found a transporter.
 16433 | Gauntlet | Found a transporter.
 16448 | Gauntlet | Found a transporter.
 16463 | Gauntlet | Found a transporter.
 16474 | Gauntlet | Found a transporter.
 16480 | Gauntlet | Found a transporter.
 16572 | Gauntlet | Got a scorched glass ring
 16586 | Gauntlet | Identified the ring "Iliuhev" {rC+ Str+4 Stlth-} (You found
                  | it in a Gauntlet)
 16614 | Gauntlet | Got a brightly glowing tin ring
 16623 | Gauntlet | Got a shimmering dagger
 16639 | Gauntlet | Killed a minotaur
 16654 | Gauntlet | Got a jewelled hand axe
 16948 | Lair:5   | Identified the ring "Ciob" {Wiz Dex+3} (You found it in a
                  | Gauntlet)
 17016 | Lair:6   | Found a dark tunnel.
 17028 | Volcano  | Entered a volcano
 17485 | Volcano  | Found a radiant altar of Vehumet.
 17499 | Volcano  | Gained mutation: Your large and strong wings let you fly
                  | indefinitely. [Gargoyle growth]
 17499 | Volcano  | Reached XP level 14. HP: 90/90 MP: 12/20
 17504 | Volcano  | Received a gift from Okawaru
 17515 | Volcano  | Got a faintly glowing morningstar {god gift}
 17630 | Volcano  | Noticed a red draconian
 17639 | Volcano  | Killed a red draconian
 17819 | Lair:6   | Identified the +3 morningstar of Eternal Night {freeze,
                  | rElec Dex+2} (Okawaru gifted it to you in a volcano)
 18114 | Lair:6   | Got a crystal long sword
 18169 | Lair:6   | Received a gift from Okawaru
 18349 | Lair:6   | Found a runed translucent door.
 18349 | Lair:6   | Found a viscous altar of Jiyva.
 18349 | Lair:6   | Noticed an azure jelly
 18729 | Lair:6   | Found a staircase to the Slime Pits.
 18730 | Lair:6   | Noticed an azure jelly
 18846 | D:11     | Received a gift from Okawaru
 18863 | D:11     | Got a smoking plate armour {god gift}
 18876 | D:11     | Identified the +0 plate armour "Nomodeam" {MR+ Int+2}
                  | (Okawaru gifted it to you on level 11 of the Dungeon)
 19002 | D:11     | Reached skill level 15 in Maces & Flails
 19099 | D:11     | Noticed Fannar
 19106 | D:11     | Killed Fannar
 19343 | D:11     | Got an ancient dagger
 19896 | D:12     | Reached ****** piety under Okawaru
 19980 | D:12     | Found Yzis's Weapon Emporium.
 19982 | D:12     | Found a staircase to the Orcish Mines.
 20417 | D:13     | Reached XP level 15. HP: 97/97 MP: 21/21
 20655 | D:13     | Found a transporter.
 20657 | D:13     | Noticed a storm dragon
 20657 | D:13     | Noticed a frost giant
 20688 | D:13     | Found a transporter.
 21164 | D:14     | Found a flagged portal.
 21181 | Bailey   | Entered a bailey
 21459 | Bailey   | Received a gift from Okawaru
 21969 | D:14     | Found Jyrphepto's Food Emporium.
 22533 | D:14     | Found a gate to the Vaults.
 22865 | Lair:3   | Killed Snorg
 22922 | Lair:3   | Got a shimmering plate armour
 22933 | Lair:3   | Identified the +10 plate armour of Honesty {Int+8} (You
                  | found it on level 3 of the Lair of Beasts)
 23152 | D:7      | Killed Iamsoldier's ghost
 23652 | D:15     | Entered Level 15 of the Dungeon
 23951 | D:15     | Got a transparent cloak
 23962 | D:15     | Identified the cursed +0 cloak "Neqaip" {rElec rN+} (You
                  | found it on level 15 of the Dungeon)
 24077 | D:15     | Got a shimmering falchion
 24652 | D:15     | Received a gift from Okawaru
 24653 | D:15     | Got an encrusted eveningstar {god gift}
 24654 | D:15     | Identified the +1 eveningstar "Orb Guardian's Death"
                  | {freeze, Dex+4} (Okawaru gifted it to you on level 15 of
                  | the Dungeon)
 25066 | D:15     | Found a staircase to the Depths.
 25233 | Orc:1    | Entered Level 1 of the Orcish Mines
 25296 | Orc:1    | Reached XP level 16. HP: 95/105 MP: 22/22
 25325 | Orc:1    | Found a frozen archway.
 25392 | IceCv    | Entered an ice cave
 25812 | IceCv    | Found an ancient bone altar of Kikubaaqudgha.
 26013 | IceCv    | Got a pair of twisted gloves
 26024 | IceCv    | Identified the +2 pair of gloves "Izellamana" {MR+ Str+6}
                  | (You found it in an ice cave)
 26181 | Orc:1    | You are sucked into a shaft and drop 1 floor!
 26181 | Orc:2    | Entered Level 2 of the Orcish Mines
 26405 | Orc:1    | Received a gift from Okawaru
 26408 | Orc:1    | Got a bloodstained dire flail {god gift}
 26588 | Orc:1    | Found a large runed translucent door.
 26588 | Orc:1    | Found a large runed translucent door.
 26603 | Orc:1    | Noticed prawnwizard's ghost (journeyman MfMo)
 26708 | Orc:1    | Killed prawnwizard's ghost
 26760 | Orc:2    | Found a staircase to the Elven Halls.
 26792 | Orc:1    | Noticed Maurice
 26818 | Orc:1    | Killed Maurice
 27209 | Orc:2    | Found a gateway to a bazaar.
 27303 | Orc:2    | Received a gift from Okawaru
 27349 | Orc:2    | Identified the cursed +1 chain mail of Tifiupt {rElec rCorr
                  | Int-3 Dex+3}
 27640 | Orc:2    | Got a bloodstained hand crossbow {god gift}
 27652 | Orc:2    | Identified the +7 scimitar of the Bruised Gods {slice,
                  | Dex+3}
 27678 | Orc:2    | Identified the +6 hand crossbow "Trog's Outrage" {flame,
                  | rPois Dex+3} (Okawaru gifted it to you on level 2 of the
                  | Orcish Mines)
 27688 | Orc:2    | Found Fiezanta's Weapon Emporium.
 27689 | Orc:2    | Found Hierobaf's Antique Weapon Shoppe.
 27690 | Orc:2    | Found Teituhi's Assorted Antiques.
 27693 | Orc:2    | Found Atikkues's Antique Armour Emporium.
 28115 | Orc:2    | Bought a pair of faintly humming gloves for 256 gold pieces
 28115 | Orc:2    | Bought a scorched helmet for 256 gold pieces
 28119 | Orc:2    | Bought a flickering bone amulet for 145 gold pieces
 28130 | Orc:2    | Identified the +1 pair of gloves of Incorporation {Int+3}
                  | (You bought it in a shop on level 2 of the Orcish Mines)
 28151 | Orc:2    | Identified the cursed +0 helmet of the Crushed Stories
                  | {Dex+5} (You bought it in a shop on level 2 of the Orcish
                  | Mines)
 28331 | Lair:3   | Identified the amulet "Muxzi" {rPois rC- Regen+ Dex+8} (You
                  | bought it in a shop on level 2 of the Orcish Mines)
 28334 | Snake:1  | Entered Level 1 of the Snake Pit
 28420 | Snake:1  | Reached skill level 1 in Dodging
 28428 | Snake:1  | Reached skill level 1 in Evocations
 28451 | Snake:1  | Received a gift from Okawaru
 28703 | Snake:1  | Found Xeoruap's Antique Weapon Shoppe.
 29098 | Snake:2  | Reached skill level 15 in Fighting
 29253 | Snake:2  | Reached XP level 17. HP: 113/113 MP: 23/23
 29303 | Snake:2  | Found the amulet of the Air {Inacc +Fly rElec EV+5 RMsl}
 29352 | Snake:2  | Found Zip Muisitsa's Assorted Antiques.
 29362 | Snake:2  | Bought a scroll of blinking for 247 gold pieces
 29362 | Snake:2  | Found Hiklul's Magic Scroll Shoppe.
 29366 | Snake:2  | Bought a scroll of teleportation for 39 gold pieces
 29366 | Snake:2  | Bought a scroll of torment for 97 gold pieces
 29366 | Snake:2  | Bought a scroll of enchant weapon for 97 gold pieces
 29366 | Snake:2  | Bought a scroll of magic mapping for 45 gold pieces
 29702 | Snake:2  | Bought a scroll of holy word for 97 gold pieces
 29702 | Snake:2  | Bought a scroll of silence for 97 gold pieces
 29993 | Snake:3  | Reached skill level 15 in Armour
 29994 | Snake:3  | Reached skill level 15 in Shields
 30147 | Snake:3  | Found Mamed's General Store.
 30510 | Snake:4  | Entered Level 4 of the Snake Pit
 30559 | Snake:4  | Received a gift from Okawaru
 30569 | Snake:4  | Got a dazzling arbalest {god gift}
 30765 | Snake:4  | Found Ulioh's Gadget Shoppe.
 30765 | Snake:4  | Found Wiqoru's Armour Emporium.
 31383 | Snake:4  | Received a gift from Okawaru
 31787 | Snake:4  | Reached skill level 5 in Evocations
 31787 | Snake:4  | Reached XP level 18. HP: 105/122 MP: 19/24
 31829 | Snake:4  | Got a serpentine rune of Zot
 32091 | Swamp:1  | Entered Level 1 of the Swamp
 32116 | Swamp:1  | Received a gift from Okawaru
 32145 | Swamp:1  | Reached skill level 5 in Dodging
 32233 | Swamp:1  | Found a large runed translucent door.
 32234 | Swamp:1  | Found a large runed translucent door.
 32235 | Swamp:1  | Noticed Amet's ghost (journeyman MiBe)
 32330 | Swamp:1  | Killed Amet's ghost
 32336 | Swamp:1  | Got a smoking hand crossbow
 32337 | Swamp:1  | Identified the cursed +1 hand crossbow of Fortitude {penet,
                  | rPois} (You found it on level 1 of the Swamp)
 32343 | Swamp:1  | Got a bloodstained hunting sling
 33314 | Swamp:2  | Received a gift from Okawaru
 33984 | Swamp:3  | Received a gift from Okawaru
 34954 | Swamp:4  | Entered Level 4 of the Swamp
 35048 | Swamp:4  | Noticed Aizul
 35062 | Swamp:4  | Killed Aizul
 35062 | Swamp:4  | Reached XP level 19. HP: 127/130 MP: 22/25
 35096 | Swamp:4  | Identified the Grimoire of Freezing Heat
 35140 | Swamp:4  | Received a gift from Okawaru
 35140 | Swamp:4  | Noticed the 27-headed Lernaean hydra
 35152 | Swamp:4  | Killed the 27-headed Lernaean hydra
 35155 | Swamp:4  | Got a pair of faintly humming gloves {god gift}
 35156 | Swamp:4  | Identified the +0 pair of gloves of the Comet {+Inv rC+}
                  | (Okawaru gifted it to you on level 4 of the Swamp)
 35254 | Swamp:4  | Got a decaying rune of Zot
 35811 | Vaults:1 | Entered Level 1 of the Vaults
 36428 | Vaults:1 | Received a gift from Okawaru
 36469 | Vaults:1 | Got a smoking arbalest
 38219 | Vaults:2 | Reached XP level 20. HP: 139/139 MP: 26/26
 38264 | Vaults:2 | Received a gift from Okawaru
 38341 | Vaults:2 | Found Amef's Antique Armour Emporium.
 38361 | Vaults:2 | Bought a runed cloak for 300 gold pieces
 38395 | Vaults:2 | Found Caesch's Distillery.
 39108 | Vaults:2 | Found Mot Qoem's Distillery.
 39198 | Vaults:2 | Noticed Margery
 39231 | Vaults:2 | Killed Margery
 40239 | D:10     | You paid a toll of +4 fire dragon scales to enter a
                  | treasure trove
 40240 | Trove    | Entered a treasure trove
 40277 | Trove    | Identified Sif Muna's Collected Works on Feathery
                  | Confrontation
 40664 | Vaults:3 | Received a gift from Okawaru
 40991 | Vaults:3 | Received a gift from Okawaru
 41025 | Vaults:3 | Reached XP level 21. HP: 92/147 MP: 27/27
 41487 | Vaults:3 | Found a staircase to the Crypt.
 42298 | Vaults:4 | Received a gift from Okawaru
 42404 | Vaults:4 | Got a faintly glowing double sword {god gift}
 42566 | Vaults:4 | Noticed Mara
 42578 | Vaults:4 | Killed Mara
 42631 | Vaults:4 | Received a gift from Okawaru
 43756 | Depths:1 | Entered Level 1 of the Depths
 43758 | Depths:1 | Found a gateway to Hell.
 43797 | Depths:1 | Reached XP level 22. HP: 153/156 MP: 25/28
 43950 | Depths:1 | Found a gateway to a ziggurat.
 44150 | Depths:1 | Found Etwy's Distillery.
 44236 | Depths:1 | Found Noubuhor's Antique Weapon Emporium.
 44473 | Depths:1 | Found a glowing golden altar of the Shining One.
 44566 | Depths:1 | Found Yrhy's Gadget Emporium.
 44714 | Depths:2 | Noticed the Enchantress
 44750 | Depths:1 | Killed the Enchantress
 45404 | Depths:2 | Noticed a juggernaut
 45412 | Depths:2 | Killed a juggernaut
 45721 | Depths:2 | Received a gift from Okawaru
 45764 | Depths:2 | Noticed a caustic shrike
 45790 | Depths:2 | Killed a caustic shrike
 45852 | Depths:2 | Noticed a golden dragon
 45861 | Depths:2 | Noticed a golden dragon
 45870 | Depths:2 | Killed a golden dragon
 45906 | Depths:2 | Killed a golden dragon
 46080 | Depths:2 | Noticed a golden dragon
 46090 | Depths:2 | Killed a golden dragon
 46117 | Depths:2 | Noticed Asterion
 46129 | Depths:2 | Killed Asterion
 46129 | Depths:2 | Received a gift from Okawaru
 46375 | Depths:2 | Found a runed translucent gate.
 46376 | Depths:2 | Found a runed translucent gate.
 46376 | Depths:2 | Found a runed translucent gate.
 46652 | Depths:2 | Reached XP level 23. HP: 156/165 MP: 23/29
 46718 | Depths:2 | Found a runed translucent gate.
 46718 | Depths:2 | Found a runed translucent gate.
 46719 | Depths:2 | Noticed Vodaur's ghost (veteran GnFi)
 46726 | Depths:2 | Found a runed translucent gate.
 47223 | Depths:3 | Got a steaming leather armour
 47742 | Depths:3 | Found a one-way gate leading to the halls of Pandemonium.
 48305 | Depths:4 | Received a gift from Okawaru
 48408 | Depths:4 | Found Loukem's Jewellery Shop.
 48503 | Depths:4 | Noticed a juggernaut
 48504 | Depths:4 | Noticed a caustic shrike
 48519 | Depths:4 | Killed a caustic shrike
 48519 | Depths:4 | Received a gift from Okawaru
 48555 | Depths:4 | Killed a juggernaut
 48905 | Depths:4 | Found a one-way gate to the infinite horrors of the Abyss.
 49178 | Depths:5 | Entered Level 5 of the Depths
 49200 | Depths:5 | Gained mutation: You are dopey. (Int -2) [a cacodemon]
 49201 | Depths:5 | Reached XP level 24. HP: 166/174 MP: 29/29
 49421 | Depths:5 | Found a runed translucent door.
 49421 | Depths:5 | Found a runed translucent door.
 49832 | Depths:5 | Found a runed translucent door.
 49834 | Depths:5 | Found a runed translucent door.
 49888 | Depths:5 | Noticed Xtahua
 49931 | Depths:5 | Found a runed translucent door.
 49940 | Depths:5 | Found a runed translucent door.
 49988 | Depths:5 | Killed Xtahua
 49988 | Depths:5 | Received a gift from Okawaru
 50576 | Depths:5 | Found a gate to the Realm of Zot.
 51026 | Vaults:5 | Entered Level 5 of the Vaults
 51047 | Vaults:5 | Received a gift from Okawaru
 51361 | Vaults:5 | Noticed Mennas
 51382 | Vaults:5 | Reached XP level 25. HP: 127/183 MP: 24/29
 51401 | Vaults:5 | Killed Mennas
 52144 | Vaults:5 | Received a gift from Okawaru
 52146 | Vaults:5 | Got a crude robe {god gift}
 52232 | Vaults:5 | Got a pair of bloodstained boots {god gift}
 52299 | Vaults:5 | Identified the +0 pair of boots "Zesoif" {rCorr Str+5}
                  | (Okawaru gifted it to you on level 5 of the Vaults)
 52304 | Vaults:5 | Got a warped plate armour
 52323 | Vaults:5 | Noticed an ancient lich
 52338 | Vaults:5 | Killed an ancient lich
 52376 | Vaults:5 | Identified the cursed +0 plate armour of Ru's Supremacy
                  | {MR+} (You found it on level 5 of the Vaults)
 52533 | Vaults:5 | Identified the ring of Uskayaw's Condemnation {AC+4 Str-2
                  | Dex+5}
 52615 | Vaults:5 | Identified the Handbook of the Ghastly Oath
 52818 | Vaults:5 | Got a silver rune of Zot
 52995 | Vaults:5 | Found Morukk's General Store.
 53345 | Vaults:5 | Received a gift from Okawaru
 53346 | Vaults:5 | Got a heavily jewelled robe {god gift}
 53829 | Elf:1    | Entered Level 1 of the Elven Halls
 53942 | Elf:1    | Reached XP level 26. HP: 192/192 MP: 29/29
 54023 | Elf:1    | Identified the Compendium of Creative Conjuration
 54076 | Elf:1    | Found a shimmering blue altar of Sif Muna.
 54160 | Elf:1    | Reached skill level 27 in Fighting
 55233 | Elf:2    | Found a huge runed translucent gate.
 55235 | Elf:2    | Found a huge runed translucent gate.
 55238 | Elf:2    | Found a huge runed translucent gate.
 55239 | Elf:2    | Found a huge runed translucent gate.
 55239 | Elf:2    | Found a huge runed translucent gate.
 55274 | Elf:2    | Found Omis's Book Boutique.
 55312 | Elf:2    | Bought a book of the Sky for 1040 gold pieces
 55386 | Elf:2    | Noticed Louise
 55944 | Elf:2    | Killed Louise
 55964 | Elf:3    | Entered Level 3 of the Elven Halls
 55964 | Elf:3    | Found Zootiy's Antique Weapon Boutique.
 56063 | Elf:3    | Received a gift from Okawaru
 56545 | Elf:3    | Noticed Roxanne
 56560 | Elf:3    | Killed Roxanne
 56581 | Elf:3    | Identified the amulet "Joarasott" {Harm *Drain Str+4}
 56604 | Elf:3    | Identified the +5 scythe of Pydof {drain, *Slow MP+9 Dex+5}
 57275 | Elf:3    | Identified Sif Muna's Catalogue of the Blistering Rocks
 57299 | Elf:3    | Identified a +2 pair of boots of running (You found it on
                  | level 3 of the Elven Halls)
 57352 | Elf:3    | Got a polished spear
 57366 | Elf:3    | Identified the Compendium of Cold
 57373 | Elf:3    | Identified the +3 halberd "Puumn" {flame, +Inv Stlth+}
 57807 | Elf:3    | Found Zootiy's Antique Weapon Boutique.
 57943 | Elf:3    | Learned a level 2 spell: Blink
 57950 | Elf:3    | Learned a level 6 spell: Deflect Missiles
 57956 | Elf:3    | Learned a level 5 spell: Silence
 57958 | Elf:3    | Learned a level 1 spell: Apportation
 57958 | Elf:3    | Reached skill level 1 in Spellcasting
 57958 | Elf:3    | Reached skill level 1 in Hexes
 57958 | Elf:3    | Reached skill level 1 in Charms
 57958 | Elf:3    | Reached skill level 1 in Translocations
 57958 | Elf:3    | Reached skill level 1 in Air Magic
 57958 | Elf:3    | Reached XP level 27. HP: 199/199 MP: 29/29
 58339 | Slime:1  | Entered Level 1 of the Pits of Slime
 58471 | Slime:1  | Gained mutation: You are very dopey. (Int -4) [a shining
                  | eye]
 58582 | Slime:3  | Gained mutation: You tend to lose your temper in combat. [a
                  | shining eye]
 58715 | Slime:3  | Received a gift from Okawaru
 58796 | Slime:3  | Got a jewelled flail {god gift}
 58827 | Slime:3  | Lost mutation: You tend to lose your temper in combat.
                  | [potion of mutation]
 58827 | Slime:3  | Lost mutation: You are very dopey. (Int -4) [potion of
                  | mutation]
 58827 | Slime:3  | Gained mutation: Your flesh is cold resistant. (rC+)
                  | [potion of mutation]
 58827 | Slime:3  | Lost mutation: Your flesh is cold resistant. (rC+) [potion
                  | of mutation]
 58827 | Slime:3  | Gained mutation: You expend magic power (3 MP) to
                  | strengthen your wands. [potion of mutation]
 58857 | Slime:5  | Entered Level 5 of the Pits of Slime
 59003 | Slime:5  | Noticed the Royal Jelly
 59006 | Slime:5  | Found a viscous altar of Jiyva.
 59018 | Slime:5  | Killed the Royal Jelly
 59160 | Slime:5  | Identified Yklaogir's Compendium of Unstable Curses
 59176 | Slime:5  | Got a warped lead amulet
 59187 | Slime:5  | Identified the Volume of Protection and Venom
 59189 | Slime:5  | Identified the amulet of Liokis {Regen+ Str+3} (You found
                  | it on level 5 of the Pits of Slime)
 59261 | Slime:5  | Identified the Almanac of Bewitchment
 59281 | Slime:5  | Got a pitted great mace
 59287 | Slime:5  | Got a transparent scale mail
 59292 | Slime:5  | Got a slimy rune of Zot
 59915 | Depths:4 | Voluntarily entered the Abyss.
 60145 | Abyss:1  | Received a gift from Okawaru
 60156 | Abyss:1  | Gained mutation: Scrolls take you much longer to read. [a
                  | neqoxec]
 60189 | Abyss:1  | Reached skill level 1 in Crossbows
 60423 | Abyss:3  | Gained mutation: Your magical capacity is low. (-10% MP) [a
                  | neqoxec]
 60430 | Abyss:3  | Gained mutation: Armour fits poorly on your strangely
                  | shaped body. [a neqoxec]
 60531 | Abyss:3  | Paralysed by accursed screaming for 1 turns
 60756 | Abyss:3  | Received a gift from Okawaru
 60795 | Abyss:3  | Identified the +11 broad axe of Hakheseo {chop, +Rage rPois
                  | rC+ MR-}
 60854 | Abyss:3  | Gained mutation: You tend to lose your temper in combat. [a
                  | neqoxec]
 60914 | Abyss:3  | Received a gift from Okawaru
 61084 | Abyss:3  | Gained mutation: Your body sometimes deteriorates upon
                  | taking damage. [a neqoxec]
 61087 | Abyss:3  | Gained mutation: You are occasionally teleported next to
                  | monsters. [a neqoxec]
 61227 | Abyss:3  | Gained mutation: You are frail. (-10% HP) [a neqoxec]
 61253 | Abyss:3  | Lost mutation: You tend to lose your temper in combat.
                  | [potion of mutation]
 61253 | Abyss:3  | Lost mutation: Armour fits poorly on your strangely shaped
                  | body. [potion of mutation]
 61253 | Abyss:3  | Lost mutation: You expend magic power (3 MP) to strengthen
                  | your wands. [potion of mutation]
 61253 | Abyss:3  | Lost mutation: Your magical capacity is low. (-10% MP)
                  | [potion of mutation]
 61253 | Abyss:3  | Gained mutation: You are clumsy. (Dex -2) [potion of
                  | mutation]
 61253 | Abyss:3  | Gained mutation: You have sharp toenails. [potion of
                  | mutation]
 61254 | Abyss:3  | Lost mutation: You are clumsy. (Dex -2) [potion of
                  | mutation]
 61254 | Abyss:3  | Lost mutation: You are frail. (-10% HP) [potion of
                  | mutation]
 61254 | Abyss:3  | Lost mutation: Your body sometimes deteriorates upon taking
                  | damage. [potion of mutation]
 61254 | Abyss:3  | Lost mutation: Scrolls take you a little longer to read.
                  | [potion of mutation]
 61254 | Abyss:3  | Gained mutation: Your magical capacity is low. (-10% MP)
                  | [potion of mutation]
 61254 | Abyss:3  | Gained mutation: You have a pair of small antennae on your
                  | head. [potion of mutation]
 61371 | Abyss:3  | Reached skill level 5 in Charms
 61476 | Abyss:3  | Gained mutation: You tend to lose your temper in combat. [a
                  | neqoxec]
 61691 | Abyss:3  | Reached skill level 5 in Hexes
 61701 | Abyss:3  | Gained mutation: You are very dopey. (Int -4) [a neqoxec]
 61733 | Abyss:3  | Paralysed by you for 5 turns
 61744 | Abyss:3  | Reached skill level 5 in Spellcasting
 61751 | Abyss:3  | Reached skill level 5 in Translocations
 61932 | Abyss:3  | Reached skill level 5 in Air Magic
 62149 | Abyss:3  | Received a gift from Okawaru
 62159 | Abyss:3  | Got an abyssal rune of Zot
 62254 | Depths:4 | Escaped the Abyss
 62355 | Depths:4 | Lost mutation: You are occasionally teleported next to
                  | monsters. [potion of mutation]
 62355 | Depths:4 | Lost mutation: Your magical capacity is low. (-10% MP)
                  | [potion of mutation]
 62355 | Depths:4 | Gained mutation: Potions are less effective at restoring
                  | your health. [potion of mutation]
 62355 | Depths:4 | Gained mutation: Your flesh is cold resistant. (rC+)
                  | [potion of mutation]
 62356 | Depths:4 | Lost mutation: You have sharp toenails. [potion of
                  | mutation]
 62356 | Depths:4 | Lost mutation: You have a pair of small antennae on your
                  | head. [potion of mutation]
 62356 | Depths:4 | Gained mutation: Your magical capacity is low. (-10% MP)
                  | [potion of mutation]
 62356 | Depths:4 | Gained mutation: You have large cloven feet. [potion of
                  | mutation]
 62356 | Depths:4 | Gained mutation: You are partially covered in molten
                  | scales. (AC +2) [potion of mutation]
 62357 | Depths:4 | Lost mutation: Your magical capacity is low. (-10% MP)
                  | [potion of mutation]
 62357 | Depths:4 | Lost mutation: You tend to lose your temper in combat.
                  | [potion of mutation]
 62357 | Depths:4 | Gained mutation: You are covered in fur. (AC +1) [potion of
                  | mutation]
 62357 | Depths:4 | Gained mutation: You have a pair of small horns on your
                  | head. [potion of mutation]
 62358 | Depths:4 | Lost mutation: Your flesh is cold resistant. (rC+) [potion
                  | of mutation]
 62358 | Depths:4 | Lost mutation: Potions are less effective at restoring your
                  | health. [potion of mutation]
 62358 | Depths:4 | Lost mutation: You are partially covered in molten scales.
                  | (AC +2) [potion of mutation]
 62358 | Depths:4 | Lost mutation: You are very dopey. (Int -4) [potion of
                  | mutation]
 62358 | Depths:4 | Gained mutation: Your body sometimes deteriorates upon
                  | taking damage. [potion of mutation]
 62358 | Depths:4 | Gained mutation: You passively map a small area around you.
                  | [potion of mutation]
 62358 | Depths:4 | Lost mutation: You have a pair of small horns on your head.
                  | [potion of mutation]
 62358 | Depths:4 | Gained mutation: Your natural rate of healing is unusually
                  | fast. [potion of mutation]
 63304 | Depths:1 | Fell from the grace of Okawaru
 63304 | Depths:1 | Became a worshipper of the Shining One
 63509 | Crypt:1  | Entered Level 1 of the Crypt
 63593 | Crypt:1  | Reached * piety under the Shining One
 64106 | Crypt:2  | Reached ** piety under the Shining One
 64198 | Crypt:2  | Reached *** piety under the Shining One
 64254 | Crypt:2  | Reached **** piety under the Shining One
 64377 | Crypt:2  | Reached skill level 10 in Invocations
 64559 | Crypt:2  | Reached ***** piety under the Shining One
 65188 | Crypt:3  | Entered Level 3 of the Crypt
 65570 | Crypt:3  | Reached ****** piety under the Shining One
 65595 | Crypt:3  | Found a staircase to the Tomb.
 66045 | Crypt:3  | Identified a +9 eveningstar of holy wrath {!w} (a +7
                  | vampiric eveningstar {!w} blessed by the Shining One)
 66045 | Crypt:3  | Received a gift from the Shining One
 66045 | Crypt:3  | Found a basalt altar of Yredelemnul.
 66066 | Crypt:3  | Found an ancient bone altar of Kikubaaqudgha.
 66085 | Crypt:3  | Got a crude quarterstaff
 66434 | Hell     | Entered the Vestibule of Hell
 66435 | Hell     | Noticed Geryon
 66566 | Hell     | Killed Geryon
 66627 | Hell     | Found a gateway to the Iron City of Dis.
 66810 | Hell     | Found a gateway to the freezing wastes of Cocytus.
 66815 | Hell     | Reached skill level 15 in Invocations
 67041 | Hell     | Found a gateway to the decaying netherworld of Tartarus.
 67131 | Hell     | Found a gateway to the ashen valley of Gehenna.
 67801 | Geh:1    | Entered Level 1 of Gehenna
 69241 | Geh:7    | Entered Level 7 of Gehenna
 69508 | Geh:7    | Identified the +7 mace "Ydihanex" {flame, Fragile rPois rN+
                  | Dex+7}
 69673 | Geh:7    | Identified the +7 sceptre of Asmodeus
 69673 | Geh:7    | Noticed Asmodeus
 69680 | Geh:7    | Was forgiven by Okawaru
 69727 | Geh:7    | Killed Asmodeus
 69835 | Geh:7    | Got an obsidian rune of Zot
 70055 | Tar:1    | Entered Level 1 of Tartarus
 70225 | Tar:2    | Reached skill level 27 in Armour
 70337 | Tar:2    | You fall into a shaft and drop 1 floor!
 71195 | Tar:5    | You fall into a shaft and drop 1 floor!
 71343 | Tar:6    | Reached skill level 10 in Dodging
 71879 | Tar:7    | Entered Level 7 of Tartarus
 72257 | Tar:7    | Noticed the Serpent of Hell
 72268 | Tar:7    | Killed the Serpent of Hell
 72286 | Tar:7    | Noticed Ereshkigal
 72326 | Tar:7    | Killed Ereshkigal
 72544 | Tar:7    | Got a bone rune of Zot
 72931 | Vaults:2 | Bought a potion of haste for 200 gold pieces
 72931 | Vaults:2 | Bought a potion of haste for 200 gold pieces
 72931 | Vaults:2 | Bought a potion of heal wounds for 100 gold pieces
 72931 | Vaults:2 | Bought a potion of heal wounds for 100 gold pieces
 72931 | Vaults:2 | Bought a potion of heal wounds for 100 gold pieces
 73111 | Coc:1    | Entered Level 1 of Cocytus
 74001 | Coc:6    | Reached skill level 10 in Charms
 74028 | Coc:7    | Entered Level 7 of Cocytus
 74176 | Coc:7    | Reached skill level 10 in Air Magic
 74410 | Coc:7    | Got a heavily runed bone amulet
 74413 | Coc:7    | Identified the amulet of Grontol {Regen+ Int+2} (You found
                  | it on level 7 of Cocytus)
 74520 | Coc:7    | Identified the cursed +2 scimitar of Accord {drain, +Blink
                  | rC+ Dex+3}
 74520 | Coc:7    | Identified the ring of the Eight Dances {rF+ Dex+4 Slay+2
                  | SInv}
 74520 | Coc:7    | Noticed Antaeus
 74551 | Coc:7    | Killed Antaeus
 74591 | Coc:7    | Got an icy rune of Zot
 74738 | Dis:1    | Entered Level 1 of the Iron City of Dis
 74959 | Dis:2    | You are sucked into a shaft and drop 2 floors!
 75061 | Dis:4    | You are sucked into a shaft and drop 2 floors!
 75214 | Dis:7    | Entered Level 7 of the Iron City of Dis
 75262 | Dis:7    | Gained mutation: You are frail. (-10% HP) [mutagenic glow]
 75419 | Dis:7    | Reached skill level 15 in Dodging
 75759 | Dis:7    | Identified the +4 staff of Dispater
 75759 | Dis:7    | Noticed Dispater
 75768 | Dis:7    | Reached skill level 27 in Invocations
 75776 | Dis:7    | Killed Dispater
 76004 | Zig:1    | Entered Level 1 of a ziggurat
 76011 | Zig:1    | Gained mutation: Your spells are a little easier to cast,
                  | but a little less powerful. [a neqoxec]
 76052 | Zig:2    | Entered Level 2 of a ziggurat
 76083 | Zig:3    | Entered Level 3 of a ziggurat
 76112 | Zig:3    | Identified the Compendium of Beguiling
 76127 | Zig:4    | Entered Level 4 of a ziggurat
 76168 | Zig:5    | Entered Level 5 of a ziggurat
 76211 | Zig:5    | Got a faintly humming leather armour
 76321 | Zig:6    | Entered Level 6 of a ziggurat
 76352 | Zig:6    | Got a wavering graven amulet
 76353 | Zig:6    | Identified the amulet "Qafas" {Reflect rPois rF+ Str+4
                  | SH+2} (You found it on level 6 of a ziggurat)
 76356 | Zig:6    | Got an ebony rapier
 76362 | Zig:7    | Entered Level 7 of a ziggurat
 76390 | Zig:7    | Identified Jazetiam's Disquisition on Confrontation and
                  | Transmutation
 76402 | Zig:7    | Got a steaming pewter ring
 76406 | Zig:7    | Got a jewelled ring mail
 76411 | Zig:7    | Identified the ring "Noxoss" {*Tele +Fly} (You found it on
                  | level 7 of a ziggurat)
 76419 | Zig:8    | Entered Level 8 of a ziggurat
 76442 | Zig:8    | Got a warped triple sword
 76445 | Zig:8    | Got a warped ring mail
 76565 | Zig:9    | Entered Level 9 of a ziggurat
 76572 | Zig:9    | Noticed a juggernaut
 76572 | Zig:9    | Noticed a juggernaut
 76573 | Zig:9    | Noticed a juggernaut
 76580 | Zig:9    | Killed a juggernaut
 76590 | Zig:9    | Killed a juggernaut
 76624 | Zig:9    | Killed a juggernaut
 76683 | Zig:10   | Entered Level 10 of a ziggurat
 76692 | Zig:10   | Noticed a juggernaut
 76694 | Zig:10   | Noticed a juggernaut
 76706 | Zig:10   | Killed a juggernaut
 76714 | Zig:10   | Killed a juggernaut
 76725 | Zig:10   | Found the +10 Black Knight's horse barding {ponderous,
                  | rPois rN+}
 76735 | Zig:10   | Got a pitted helmet
 76736 | Zig:10   | Identified the +2 helmet of the Sunfish {+Blink +Fly MR+
                  | Dex-4} (You found it on level 10 of a ziggurat)
 76738 | Zig:10   | Identified the Guide on Supportive Flames
 76760 | Zig:11   | Entered Level 11 of a ziggurat
 76889 | Zig:12   | Entered Level 12 of a ziggurat
 76954 | Zig:12   | Got a smoking leather armour
 76964 | Zig:12   | Got a smoking dagger
 77045 | Zig:13   | Entered Level 13 of a ziggurat
 77104 | Zig:14   | Entered Level 14 of a ziggurat
 77114 | Zig:14   | Noticed a greater mummy
 77117 | Zig:14   | Noticed a greater mummy
 77126 | Zig:14   | Killed a greater mummy
 77127 | Zig:14   | Killed a greater mummy
 77150 | Zig:14   | Got a scorched fustibalus
 77155 | Zig:14   | Identified the Guide on Dislocation and Lightness
 77167 | Zig:14   | Got a brightly glowing ring mail
 77184 | Zig:14   | Identified the +9 triple sword "Eviph" {antimagic, Str+5}
                  | (You found it on level 8 of a ziggurat)
 77189 | Zig:15   | Entered Level 15 of a ziggurat
 77444 | Zig:15   | Got a clouded brass amulet
 77445 | Zig:15   | Identified the amulet of the Griffon {Inacc MR+ Str+4
                  | Int+3} (You found it on level 15 of a ziggurat)
 77467 | Zig:16   | Entered Level 16 of a ziggurat
 77735 | Zig:16   | Identified the Grimoire of Bewitching Stones
 77743 | Zig:16   | Got a slimy war axe
 77768 | Zig:17   | Entered Level 17 of a ziggurat
 77804 | Zig:17   | Reached skill level 10 in Hexes
 77807 | Zig:17   | Reached skill level 10 in Spellcasting
 78045 | Zig:17   | Got a slimy wooden ring
 78046 | Zig:17   | Identified the ring "Lepydgh" {EV+4 Dex+3} (You found it on
                  | level 17 of a ziggurat)
 78068 | Zig:18   | Entered Level 18 of a ziggurat
 78227 | Zig:18   | Found the +7 captain's cutlass {speed, disarm}
 78272 | Zig:19   | Entered Level 19 of a ziggurat
 78277 | Zig:19   | Noticed a greater mummy
 78277 | Zig:19   | Noticed a greater mummy
 78279 | Zig:19   | Noticed a greater mummy
 78280 | Zig:19   | Noticed a greater mummy
 78280 | Zig:19   | Noticed a greater mummy
 78281 | Zig:19   | Noticed a greater mummy
 78281 | Zig:19   | Noticed a greater mummy
 78284 | Zig:19   | Killed a greater mummy
 78285 | Zig:19   | Killed a greater mummy
 78285 | Zig:19   | Noticed a greater mummy
 78286 | Zig:19   | Killed a greater mummy
 78286 | Zig:19   | Noticed a greater mummy
 78291 | Zig:19   | Killed a greater mummy
 78291 | Zig:19   | Killed a greater mummy
 78298 | Zig:19   | Killed a greater mummy
 78298 | Zig:19   | Killed a greater mummy
 78300 | Zig:19   | Killed a greater mummy
 78302 | Zig:19   | Killed a greater mummy
 78473 | Zig:20   | Entered Level 20 of a ziggurat
 78489 | Zig:20   | Paralysed by accursed screaming for 1 turns
 78494 | Zig:20   | Paralysed by accursed screaming for 2 turns
 78500 | Zig:20   | Paralysed by accursed screaming for 2 turns
 78513 | Zig:20   | Gained mutation: You are very frail. (-20% HP) [a neqoxec]
 78559 | Zig:20   | Got a translucent dagger
 78575 | Zig:20   | Got a scorched hunting sling
 78583 | Zig:20   | Got a translucent short sword
 78618 | Zig:21   | Entered Level 21 of a ziggurat
 78635 | Zig:21   | Gained mutation: You tend to lose your temper in combat. [a
                  | shining eye]
 78662 | Zig:22   | Entered Level 22 of a ziggurat
 78692 | Zig:22   | Noticed Vyiris the pandemonium lord
 78705 | Zig:22   | Killed Vyiris the pandemonium lord
 78855 | Zig:22   | Got a pitted amber ring
 78856 | Zig:22   | Identified the cursed ring of Lomueck {Str+6 Int-5 Stlth+}
                  | (You found it on level 22 of a ziggurat)
 78867 | Zig:22   | Got a warped morningstar
 78876 | Zig:22   | Identified the cursed +3 morningstar of Corporal Punishment
                  | {flame, rC+} (You found it on level 22 of a ziggurat)
 78887 | Zig:22   | Identified Pepug's Grimoire of Warped Bewitchment
 78890 | Zig:22   | Got a blackened hand axe
 78907 | Zig:23   | Entered Level 23 of a ziggurat
 78921 | Zig:23   | Found the +9 staff of Wucad Mu {channel}
 78921 | Zig:23   | Found the +7 pair of quick blades "Gyre" and "Gimble"
                  | {protect}
 78988 | Zig:23   | Got a dazzling short sword
 79020 | Zig:23   | Got a fine platinum amulet
 79021 | Zig:23   | Identified the amulet "Kimolung" {RegenMP Dex+5} (You found
                  | it on level 23 of a ziggurat)
 79104 | Zig:24   | Entered Level 24 of a ziggurat
 79161 | Zig:24   | Got an ancient dire flail
 79183 | Zig:24   | Got a sparkling ivory ring
 79184 | Zig:24   | Identified the ring of the Imp {Wiz Stlth+} (You found it
                  | on level 24 of a ziggurat)
 79228 | Zig:24   | Got a scintillating bronze ring
 79229 | Zig:24   | Identified the ring "Vecsib" {rElec rC- Slay+5 SInv Stlth-}
                  | (You found it on level 24 of a ziggurat)
 79253 | Zig:25   | Entered Level 25 of a ziggurat
 79263 | Zig:25   | Noticed a greater mummy
 79264 | Zig:25   | Noticed a greater mummy
 79267 | Zig:25   | Noticed a greater mummy
 79268 | Zig:25   | Noticed a greater mummy
 79271 | Zig:25   | Noticed a greater mummy
 79271 | Zig:25   | Noticed a greater mummy
 79272 | Zig:25   | Noticed a greater mummy
 79272 | Zig:25   | Noticed a greater mummy
 79274 | Zig:25   | Killed a greater mummy
 79276 | Zig:25   | Killed a greater mummy
 79276 | Zig:25   | Killed a greater mummy
 79276 | Zig:25   | Killed a greater mummy
 79278 | Zig:25   | Noticed a greater mummy
 79280 | Zig:25   | Killed a greater mummy
 79282 | Zig:25   | Noticed a greater mummy
 79283 | Zig:25   | Killed a greater mummy
 79283 | Zig:25   | Killed a greater mummy
 79286 | Zig:25   | Killed a greater mummy
 79286 | Zig:25   | Killed a greater mummy
 79290 | Zig:25   | Noticed a greater mummy
 79296 | Zig:25   | Killed a greater mummy
 79306 | Zig:25   | Killed a greater mummy
 79420 | Zig:25   | Found the +8 glaive of the Guard {elec, +Rage AC+5 SInv}
 79421 | Zig:25   | Found the +8 longbow "Zephyr" {speed, Dex+3 SInv}
 79422 | Zig:25   | Found the +7 great mace "Undeadhunter" {disrupt, rN+}
 79455 | Zig:25   | Got a crystal demon blade
 79493 | Zig:25   | Got a brightly glowing short sword
 79495 | Zig:25   | Got a warped ring mail
 79510 | Zig:25   | Got a shimmering glaive
 79516 | Zig:25   | Got a crude platinum ring
 79517 | Zig:25   | Identified the ring "Nunec" {rElec rPois Dex-4 SInv} (You
                  | found it on level 25 of a ziggurat)
 79520 | Zig:25   | Got a pitted hand crossbow
 79521 | Zig:25   | Identified the cursed +1 hand crossbow of the End of Times
                  | {elec, rC++ Int+6} (You found it on level 25 of a ziggurat)
 79551 | Zig:25   | Reached skill level 10 in Evocations
 79554 | Zig:26   | Entered Level 26 of a ziggurat
 79806 | Depths:1 | Lost mutation: You are very frail. (-20% HP) [potion of
                  | mutation]
 79806 | Depths:1 | Lost mutation: Your spells are a little easier to cast, but
                  | a little less powerful. [potion of mutation]
 79806 | Depths:1 | Lost mutation: Your body sometimes deteriorates upon taking
                  | damage. [potion of mutation]
 79806 | Depths:1 | Gained mutation: Your spells are a little harder to cast,
                  | but a little more powerful. [potion of mutation]
 79806 | Depths:1 | Gained mutation: You are resistant to hostile enchantments.
                  | (MR+) [potion of mutation]
 79807 | Depths:1 | Lost mutation: You are covered in fur. (AC +1) [potion of
                  | mutation]
 79807 | Depths:1 | Lost mutation: You are resistant to hostile enchantments.
                  | (MR+) [potion of mutation]
 79807 | Depths:1 | Lost mutation: You are frail. (-10% HP) [potion of
                  | mutation]
 79807 | Depths:1 | Gained mutation: You have hoof-like feet. [potion of
                  | mutation]
 79807 | Depths:1 | Gained mutation: Your muscles are strong. (Str +2) [potion
                  | of mutation]
 79808 | Depths:1 | Lost mutation: You tend to lose your temper in combat.
                  | [potion of mutation]
 79808 | Depths:1 | Lost mutation: You are dopey. (Int -2) [potion of mutation]
 79808 | Depths:1 | Lost mutation: Your muscles are strong. (Str +2) [potion of
                  | mutation]
 79808 | Depths:1 | Lost mutation: You have hoof-like feet. [potion of
                  | mutation]
 79808 | Depths:1 | Gained mutation: Scrolls take you a little longer to read.
                  | [potion of mutation]
 79808 | Depths:1 | Gained mutation: You expend magic power (3 MP) to
                  | strengthen your wands. [potion of mutation]
 79809 | Depths:1 | Lost mutation: You expend magic power (3 MP) to strengthen
                  | your wands. [potion of mutation]
 79809 | Depths:1 | Lost mutation: Scrolls take you a little longer to read.
                  | [potion of mutation]
 79809 | Depths:1 | Lost mutation: You have large cloven feet. [potion of
                  | mutation]
 79809 | Depths:1 | Lost mutation: Your spells are a little harder to cast, but
                  | a little more powerful. [potion of mutation]
 79809 | Depths:1 | Gained mutation: Armour fits poorly on your strangely
                  | shaped body. [potion of mutation]
 79809 | Depths:1 | Gained mutation: You have a pair of small horns on your
                  | head. [potion of mutation]
 79810 | Depths:1 | Lost mutation: You have a pair of small horns on your head.
                  | [potion of mutation]
 79810 | Depths:1 | Lost mutation: Armour fits poorly on your strangely shaped
                  | body. [potion of mutation]
 79810 | Depths:1 | Gained mutation: You are dopey. (Int -2) [potion of
                  | mutation]
 79810 | Depths:1 | Gained mutation: You are partially covered in rugged brown
                  | scales. (AC +1, +3% HP) [potion of mutation]
 80389 | Pan      | Entered Pandemonium
 80389 | Pan      | Noticed Degh the pandemonium lord
 80410 | Pan      | Killed Degh the pandemonium lord
 80705 | Pan      | Noticed Cylun the pandemonium lord
 80724 | Pan      | Killed Cylun the pandemonium lord
 80726 | Pan      | Reached skill level 15 in Spellcasting
 80905 | Pan      | Found an exit through the horrors of the Abyss.
 81207 | Depths:4 | Escaped Pandemonium
 81209 | Pan      | Entered Pandemonium
 81226 | Pan      | Found a runed translucent door.
 81229 | Pan      | Found a runed translucent door.
 81231 | Pan      | Found a runed translucent door.
 81235 | Pan      | Found a runed translucent door.
 81268 | Pan      | Noticed Ibuah the pandemonium lord
 81285 | Pan      | Killed Ibuah the pandemonium lord
 82220 | Pan      | Noticed Itsipu the pandemonium lord
 82233 | Pan      | Killed Itsipu the pandemonium lord
 82313 | Pan      | Entered the realm of Cerebov.
 82469 | Pan      | Identified the +6 sword of Cerebov {flame}
 82469 | Pan      | Noticed Cerebov
 82503 | Pan      | Killed Cerebov
 82526 | Pan      | Reached skill level 15 in Charms
 82631 | Pan      | Got a fiery rune of Zot
 82772 | Pan      | Got a fine flail
 82801 | Pan      | Got a pitted bone ring
 82838 | Pan      | Got a pair of faintly humming gloves
 82839 | Pan      | Identified the +2 pair of gloves of the Harvest {rF+} (You
                  | found it in Pandemonium)
 82843 | Pan      | Identified the ring of Ihiuddal {rN+ AC+3} (You found it in
                  | Pandemonium)
 82941 | Pan      | Gained mutation: You are very dopey. (Int -4) [a cacodemon]
 82998 | Pan      | Reached skill level 15 in Air Magic
 83027 | Pan      | Noticed Joimeclu the pandemonium lord
 83035 | Pan      | Killed Joimeclu the pandemonium lord
 83069 | Pan      | Entered the realm of Mnoleg.
 83148 | Pan      | Noticed Mnoleg
 83150 | Pan      | Gained mutation: Your flesh is heat resistant. (rF+) [a
                  | shining eye]
 83181 | Pan      | Killed Mnoleg
 83210 | Pan      | Gained mutation: You are clumsy. (Dex -2) [a cacodemon]
 83267 | Pan      | Got a glowing rune of Zot
 83291 | Pan      | Got a brightly glowing crystal plate armour
 83292 | Pan      | Identified the +10 crystal plate armour of Fashionability
                  | {rF+} (You found it in Pandemonium)
 83379 | Pan      | Gained mutation: You are frail. (-10% HP) [a cacodemon]
 83443 | Pan      | Noticed Musaitoh the pandemonium lord
 83444 | Pan      | Gained mutation: You occasionally shout uncontrollably at
                  | your foes. [a neqoxec]
 83453 | Pan      | Killed Musaitoh the pandemonium lord
 83463 | Pan      | Gained mutation: Scrolls take you a little longer to read.
                  | [a neqoxec]
 83465 | Pan      | Lost mutation: You passively map a small area around you.
                  | [potion of mutation]
 83465 | Pan      | Lost mutation: You are very dopey. (Int -4) [potion of
                  | mutation]
 83465 | Pan      | Gained mutation: You possess an exceptional clarity of
                  | mind. [potion of mutation]
 83466 | Pan      | Lost mutation: Scrolls take you a little longer to read.
                  | [potion of mutation]
 83466 | Pan      | Lost mutation: You are dopey. (Int -2) [potion of mutation]
 83466 | Pan      | Lost mutation: You are frail. (-10% HP) [potion of
                  | mutation]
 83466 | Pan      | Lost mutation: You possess an exceptional clarity of mind.
                  | [potion of mutation]
 83466 | Pan      | Gained mutation: You are covered in fur. (AC +1) [potion of
                  | mutation]
 83466 | Pan      | Gained mutation: You are very clumsy. (Dex -4) [potion of
                  | mutation]
 83466 | Pan      | Gained mutation: Your flesh is very heat resistant. (rF++)
                  | [potion of mutation]
 83466 | Pan      | Gained mutation: You have a pair of small horns on your
                  | head. [potion of mutation]
 83467 | Pan      | Lost mutation: You are partially covered in rugged brown
                  | scales. (AC +1, +3% HP) [potion of mutation]
 83467 | Pan      | Lost mutation: Your natural rate of healing is unusually
                  | fast. [potion of mutation]
 83467 | Pan      | Lost mutation: You are very clumsy. (Dex -4) [potion of
                  | mutation]
 83467 | Pan      | Gained mutation: Your body sometimes deteriorates upon
                  | taking damage. [potion of mutation]
 83467 | Pan      | Gained mutation: You do not regenerate when monsters are
                  | visible. [potion of mutation]
 83467 | Pan      | Gained mutation: You expend magic power (3 MP) to
                  | strengthen your wands. [potion of mutation]
 83468 | Pan      | Lost mutation: You are clumsy. (Dex -2) [potion of
                  | mutation]
 83468 | Pan      | Lost mutation: You are covered in fur. (AC +1) [potion of
                  | mutation]
 83468 | Pan      | Lost mutation: Your body sometimes deteriorates upon taking
                  | damage. [potion of mutation]
 83468 | Pan      | Gained mutation: You have sharp toenails. [potion of
                  | mutation]
 83468 | Pan      | Gained mutation: You are agile. (Dex +2) [potion of
                  | mutation]
 83487 | Pan      | Lost mutation: You have sharp toenails. [potion of
                  | mutation]
 83487 | Pan      | Lost mutation: You are agile. (Dex +2) [potion of mutation]
 83487 | Pan      | Gained mutation: You sometimes yell uncontrollably at your
                  | foes. [potion of mutation]
 83487 | Pan      | Gained mutation: Your magical capacity is low. (-10% MP)
                  | [potion of mutation]
 83487 | Pan      | Gained mutation: You evolve. [potion of mutation]
 83488 | Pan      | Lost mutation: You have a pair of small horns on your head.
                  | [potion of mutation]
 83488 | Pan      | Lost mutation: You do not regenerate when monsters are
                  | visible. [potion of mutation]
 83488 | Pan      | Lost mutation: Your flesh is very heat resistant. (rF++)
                  | [potion of mutation]
 83488 | Pan      | Lost mutation: You expend magic power (3 MP) to strengthen
                  | your wands. [potion of mutation]
 83488 | Pan      | Gained mutation: Scrolls take you a little longer to read.
                  | [potion of mutation]
 83488 | Pan      | Gained mutation: Your flesh is cold resistant. (rC+)
                  | [potion of mutation]
 83488 | Pan      | Gained mutation: You are agile. (Dex +2) [potion of
                  | mutation]
 83489 | Pan      | Lost mutation: You are agile. (Dex +2) [potion of mutation]
 83489 | Pan      | Lost mutation: Scrolls take you a little longer to read.
                  | [potion of mutation]
 83489 | Pan      | Gained mutation: You are partially covered in rugged brown
                  | scales. (AC +1, +3% HP) [potion of mutation]
 83489 | Pan      | Gained mutation: You are partially covered in large bone
                  | plates. (SH +4) [potion of mutation]
 83596 | Pan      | Gained mutation: You are surrounded by a mild repulsion
                  | field. (EV +2) [evolution]
 83741 | Pan      | Entered the realm of Lom Lobon.
 83935 | Pan      | Noticed Lom Lobon
 83950 | Pan      | Killed Lom Lobon
 83958 | Pan      | Got a magical rune of Zot
 84159 | Pan      | Found an exit through the horrors of the Abyss.
 84176 | Pan      | Took an exit into the Abyss.
 84176 | Abyss:1  | Escaped into the Abyss
 84199 | Abyss:1  | Paralysed by accursed screaming for 2 turns
 84207 | Abyss:1  | Noticed an ancient lich
 84212 | Abyss:1  | Killed an ancient lich
 84263 | Abyss:1  | Found a corrupted altar of Lugonu.
 84465 | Abyss:1  | Paralysed by accursed screaming for 1 turns
 84487 | Abyss:1  | Gained mutation: You are weak. (Str -2) [a neqoxec]
 84910 | Depths:4 | Escaped the Abyss
 85701 | Dis:4    | Reached skill level 27 in Dodging
 86158 | Dis:5    | Gained mutation: Potions are less effective at restoring
                  | your health. [mutagenic glow]
 86227 | Dis:5    | Gained mutation: Potions are poor at restoring your health.
                  | [mutagenic glow]
 86271 | Dis:5    | Gained mutation: You have large cloven feet. [mutagenic
                  | glow]
 86588 | Dis:7    | Got an iron rune of Zot
 86593 | Dis:7    | Got a clouded copper amulet
 86594 | Dis:7    | Identified the amulet "Bilaa" {Inacc rPois Str+3} (You
                  | found it on level 7 of the Iron City of Dis)
 86611 | Dis:7    | Got a wavering ivory amulet
 86612 | Dis:7    | Identified the amulet "Xegowach" {RegenMP +Inv Str+3} (You
                  | found it on level 7 of the Iron City of Dis)
 86875 | Pan      | Entered the realm of Gloorx Vloq.
 86875 | Pan      | Entered Pandemonium
 87093 | Pan      | Noticed Gloorx Vloq
 87110 | Pan      | Killed Gloorx Vloq
 87230 | Pan      | Got a dark rune of Zot
 87350 | Pan      | Reached skill level 15 in Evocations
 87381 | Pan      | Got a warped shield
 87414 | Pan      | Got a shimmering mace
 88195 | Pan      | Got a scorched spear
 88244 | Pan      | Gained mutation: You are frail. (-10% HP) [a neqoxec]
 88283 | Pan      | Noticed Roar the pandemonium lord
 88309 | Pan      | Killed Roar the pandemonium lord
 88635 | Pan      | Noticed Paomor the pandemonium lord
 88639 | Pan      | Gained mutation: Your magical capacity is very low. (-20%
                  | MP) [a neqoxec]
 88640 | Pan      | Killed Paomor the pandemonium lord
 88653 | Pan      | Noticed Ignacio
 88653 | Pan      | Gained mutation: You are dopey. (Int -2) [a cacodemon]
 88668 | Pan      | Killed Ignacio
 88695 | Pan      | Gained mutation: Your flesh is very heat resistant. (rF++)
                  | [evolution]
 88822 | Pan      | Noticed Xarchoari the pandemonium lord
 88868 | Pan      | Killed Xarchoari the pandemonium lord
 88949 | Pan      | Got a crystal war axe
 88999 | Pan      | Noticed Vekehusups the pandemonium lord
 89014 | Pan      | Found a runed translucent door.
 89073 | Pan      | Found a runed translucent door.
 89073 | Pan      | Found a runed translucent door.
 89086 | Pan      | Found a runed translucent door.
 89164 | Pan      | Identified the +3 ring mail "Itiavub" {Dex+2}
 89193 | Pan      | Noticed Jerut the pandemonium lord
 89209 | Pan      | Killed Jerut the pandemonium lord
 89562 | Pan      | Found an exit through the horrors of the Abyss.
 90135 | Pan      | Found a huge runed translucent gate.
 90135 | Pan      | Found a huge runed translucent gate.
 90135 | Pan      | Found a huge runed translucent gate.
 90136 | Pan      | Found a huge runed translucent gate.
 90136 | Pan      | Found a huge runed translucent gate.
 90137 | Pan      | Found a huge runed translucent gate.
 90138 | Pan      | Found a huge runed translucent gate.
 90138 | Pan      | Found a huge runed translucent gate.
 90139 | Pan      | Found a huge runed translucent gate.
 90139 | Pan      | Found a huge runed translucent gate.
 90139 | Pan      | Found a huge runed translucent gate.
 90140 | Pan      | Found a huge runed translucent gate.
 90140 | Pan      | Found a huge runed translucent gate.
 90140 | Pan      | Found a huge runed translucent gate.
 90140 | Pan      | Found a huge runed translucent gate.
 90140 | Pan      | Found a huge runed translucent gate.
 90140 | Pan      | Noticed Atakeunt the pandemonium lord
 90141 | Pan      | Found a huge runed translucent gate.
 90141 | Pan      | Found a huge runed translucent gate.
 90141 | Pan      | Found a huge runed translucent gate.
 90141 | Pan      | Found a huge runed translucent gate.
 90141 | Pan      | Found a huge runed translucent gate.
 90173 | Pan      | Killed Atakeunt the pandemonium lord
 90270 | Pan      | Noticed Nurul the pandemonium lord
 90282 | Pan      | Killed Nurul the pandemonium lord
 90376 | Pan      | Found an exit through the horrors of the Abyss.
 90868 | Pan      | Took an exit into the Abyss.
 90868 | Abyss:1  | Escaped into the Abyss
 90869 | Abyss:1  | Found a corrupted altar of Lugonu.
 90882 | Abyss:1  | Got an ancient scale mail
 90894 | Depths:3 | Escaped the Abyss
 90899 | Pan      | Entered Pandemonium
 90931 | Pan      | Found an exit through the horrors of the Abyss.
 91251 | Pan      | Noticed Soocouz the pandemonium lord
 91264 | Pan      | Killed Soocouz the pandemonium lord
 91727 | Pan      | Found an exit through the horrors of the Abyss.
 92259 | Pan      | Noticed Giubuxt the pandemonium lord
 92262 | Pan      | Killed Giubuxt the pandemonium lord
 92540 | Pan      | Noticed Koyd the pandemonium lord
 92550 | Pan      | Killed Koyd the pandemonium lord
 92794 | Pan      | Noticed Veicug the pandemonium lord
 92804 | Pan      | Killed Veicug the pandemonium lord
 93112 | Pan      | Noticed Poli Osm the pandemonium lord
 93132 | Pan      | Killed Poli Osm the pandemonium lord
 93471 | Pan      | Found an exit through the horrors of the Abyss.
 93567 | Pan      | Got a jewelled trident
 93605 | Pan      | Noticed Eneps the pandemonium lord
 93616 | Pan      | Killed Eneps the pandemonium lord
 94249 | Pan      | Gained mutation: Armour fits poorly on your strangely
                  | shaped body. [a neqoxec]
 94250 | Pan      | Noticed Eciok the pandemonium lord
 94250 | Pan      | Lost mutation: Armour fits poorly on your strangely shaped
                  | body. [a neqoxec]
 94261 | Pan      | Killed Eciok the pandemonium lord
 94305 | Pan      | Found an exit through the horrors of the Abyss.
 95252 | Pan      | Gained mutation: You tend to lose your temper in combat. [a
                  | neqoxec]
 95275 | Pan      | Lost mutation: Your flesh is very heat resistant. (rF++)
                  | [potion of mutation]
 95275 | Pan      | Lost mutation: Your magical capacity is very low. (-20% MP)
                  | [potion of mutation]
 95275 | Pan      | Lost mutation: Your magical capacity is low. (-10% MP)
                  | [potion of mutation]
 95275 | Pan      | Gained mutation: You are agile. (Dex +2) [potion of
                  | mutation]
 95276 | Pan      | Lost mutation: Your flesh is cold resistant. (rC+) [potion
                  | of mutation]
 95276 | Pan      | Lost mutation: You are dopey. (Int -2) [potion of mutation]
 95276 | Pan      | Lost mutation: You sometimes yell uncontrollably at your
                  | foes. [potion of mutation]
 95276 | Pan      | Lost mutation: You are agile. (Dex +2) [potion of mutation]
 95276 | Pan      | Gained mutation: You have a pair of small antennae on your
                  | head. [potion of mutation]
 95277 | Pan      | Lost mutation: You are frail. (-10% HP) [potion of
                  | mutation]
 95277 | Pan      | Lost mutation: You occasionally shout uncontrollably at
                  | your foes. [potion of mutation]
 95277 | Pan      | Lost mutation: You are surrounded by a mild repulsion
                  | field. (EV +2) [potion of mutation]
 95277 | Pan      | Gained mutation: You are partially covered in slimy green
                  | scales. (AC +2) [potion of mutation]
 95278 | Pan      | Lost mutation: You are partially covered in slimy green
                  | scales. (AC +2) [potion of mutation]
 95278 | Pan      | Lost mutation: You tend to lose your temper in combat.
                  | [potion of mutation]
 95278 | Pan      | Gained mutation: You occasionally shout uncontrollably at
                  | your foes. [potion of mutation]
 95278 | Pan      | Gained mutation: You are robust. (+10% HP) [potion of
                  | mutation]
 95347 | Pan      | Gained mutation: Your body sometimes deteriorates upon
                  | taking damage. [a cacodemon]
 95430 | Pan      | Gained mutation: You are occasionally teleported next to
                  | monsters. [a neqoxec]
 95856 | Pan      | Got a demonic rune of Zot
 95857 | Pan      | Noticed Liqyi the pandemonium lord
 95874 | Pan      | Killed Liqyi the pandemonium lord
 95952 | Pan      | Noticed Agetroj the pandemonium lord
 96001 | Depths:3 | Escaped Pandemonium
 96030 | Depths:2 | Killed Vodaur's ghost
 96080 | Depths:2 | Lost mutation: You are robust. (+10% HP) [mutagenic glow]
 96130 | Depths:2 | Gained mutation: You are dopey. (Int -2) [mutagenic glow]
 96603 | Depths:1 | Bought a potion of resistance for 220 gold pieces
 96603 | Depths:1 | Bought a potion of heal wounds for 110 gold pieces
 96603 | Depths:1 | Bought a potion of mutation for 176 gold pieces
 96603 | Depths:1 | Bought a potion of cancellation for 176 gold pieces
 96803 | Vaults:2 | Bought a potion of mutation for 160 gold pieces
 97025 | Depths:1 | Bought a potion of agility for 88 gold pieces
 97025 | Depths:1 | Bought a potion of heal wounds for 110 gold pieces
 97025 | Depths:1 | Bought a potion of might for 88 gold pieces
 97343 | D:4      | Bought a potion of haste for 320 gold pieces
 97343 | D:4      | Bought a potion of magic for 256 gold pieces
 97343 | D:4      | Bought a scroll of teleportation for 96 gold pieces
 97343 | D:4      | Lost mutation: Your body sometimes deteriorates upon taking
                  | damage. [potion of mutation]
 97343 | D:4      | Lost mutation: You occasionally shout uncontrollably at
                  | your foes. [potion of mutation]
 97343 | D:4      | Lost mutation: Your flesh is heat resistant. (rF+) [potion
                  | of mutation]
 97343 | D:4      | Lost mutation: You are weak. (Str -2) [potion of mutation]
 97343 | D:4      | Gained mutation: Your movements are slightly less
                  | encumbered by armour. (ER -2) [potion of mutation]
 97344 | D:4      | Lost mutation: Potions are poor at restoring your health.
                  | [potion of mutation]
 97344 | D:4      | Lost mutation: You are dopey. (Int -2) [potion of mutation]
 97344 | D:4      | Lost mutation: You have large cloven feet. [potion of
                  | mutation]
 97344 | D:4      | Gained mutation: You tend to lose your temper in combat.
                  | [potion of mutation]
 97344 | D:4      | Gained mutation: Your muscles are strong. (Str +2) [potion
                  | of mutation]
 97345 | D:4      | Lost mutation: You are occasionally teleported next to
                  | monsters. [potion of mutation]
 97345 | D:4      | Lost mutation: Potions are less effective at restoring your
                  | health. [potion of mutation]
 97345 | D:4      | Lost mutation: You are partially covered in rugged brown
                  | scales. (AC +1, +3% HP) [potion of mutation]
 97345 | D:4      | Lost mutation: You tend to lose your temper in combat.
                  | [potion of mutation]
 97345 | D:4      | Gained mutation: You occasionally shout uncontrollably at
                  | your foes. [potion of mutation]
 97345 | D:4      | Gained mutation: You can translocate small distances at
                  | will. [potion of mutation]
 98408 | Tomb:1   | Entered Level 1 of the Tomb of the Ancients
 98420 | Tomb:1   | Learned a level 9 spell: Shatter
 98520 | Tomb:1   | Reached skill level 1 in Earth Magic
 98966 | Tomb:1   | Noticed a greater mummy
 98975 | Tomb:1   | Noticed a greater mummy
 99007 | Tomb:1   | Killed a greater mummy
 99033 | Tomb:1   | Killed a greater mummy
 99033 | Tomb:1   | Reached skill level 5 in Earth Magic
 99050 | Tomb:1   | Noticed a greater mummy
 99054 | Tomb:1   | Killed a greater mummy
 99790 | Tomb:2   | Noticed a greater mummy
 99791 | Tomb:2   | Noticed a greater mummy
 99791 | Tomb:2   | Noticed a greater mummy
 99792 | Tomb:2   | Noticed a greater mummy
 99793 | Tomb:2   | Noticed a greater mummy
 99811 | Tomb:2   | Killed a greater mummy
 99811 | Tomb:2   | Killed a greater mummy
 99814 | Tomb:2   | Killed a greater mummy
 99814 | Tomb:2   | Killed a greater mummy
 99818 | Tomb:2   | Killed a greater mummy
 99889 | Tomb:2   | Noticed Khufu
 99891 | Tomb:2   | Noticed a greater mummy
 99896 | Tomb:2   | Noticed a greater mummy
 99898 | Tomb:2   | Killed Khufu
 99908 | Tomb:2   | Killed a greater mummy
 99918 | Tomb:2   | Killed a greater mummy
100426 | Tomb:1   | Noticed a greater mummy
100427 | Tomb:1   | Noticed a greater mummy
100429 | Tomb:1   | Noticed a greater mummy
100435 | Tomb:1   | Noticed a greater mummy
100436 | Tomb:1   | Noticed a greater mummy
100447 | Tomb:1   | Noticed a greater mummy
100452 | Tomb:1   | Killed a greater mummy
100455 | Tomb:1   | Killed a greater mummy
100463 | Tomb:1   | Noticed a greater mummy
100466 | Tomb:1   | Noticed a greater mummy
100470 | Tomb:1   | Killed a greater mummy
100479 | Tomb:1   | Killed a greater mummy
100479 | Tomb:1   | Killed a greater mummy
100479 | Tomb:1   | Noticed a greater mummy
100480 | Tomb:1   | Killed a greater mummy
100481 | Tomb:1   | Noticed a greater mummy
100481 | Tomb:1   | Noticed a greater mummy
100486 | Tomb:1   | Killed a greater mummy
100489 | Tomb:1   | HP: 2/199 [greater mummy/divine providence (14)]
100491 | Tomb:1   | Killed a greater mummy
100498 | Tomb:1   | Killed a greater mummy
100499 | Tomb:1   | Killed a greater mummy
100504 | Tomb:1   | Noticed a greater mummy
100507 | Tomb:1   | Killed a greater mummy
100515 | Tomb:1   | Killed a greater mummy
100516 | Tomb:1   | Noticed a greater mummy
100520 | Tomb:1   | Noticed a greater mummy
100528 | Tomb:1   | Killed a greater mummy
100535 | Tomb:1   | Killed a greater mummy
100923 | Tomb:1   | Noticed a greater mummy
100934 | Tomb:1   | Killed a greater mummy
100957 | Tomb:1   | Noticed a greater mummy
100961 | Tomb:1   | Noticed a greater mummy
100964 | Tomb:1   | Killed a greater mummy
100973 | Tomb:1   | Killed a greater mummy
100997 | Tomb:1   | Noticed a greater mummy
101006 | Tomb:1   | Killed a greater mummy
101121 | Tomb:1   | Noticed a greater mummy
101133 | Tomb:1   | Killed a greater mummy
101449 | Tomb:2   | Cast into level 5 of the Abyss (the power of Zot)
101449 | Abyss:5  | Entered Level 5 of the Abyss
101679 | Tomb:2   | Escaped the Abyss
101811 | Tomb:3   | Entered Level 3 of the Tomb of the Ancients
101863 | Tomb:3   | Noticed a greater mummy
101865 | Tomb:3   | Noticed a greater mummy
101867 | Tomb:3   | Noticed a greater mummy
101874 | Tomb:3   | Killed a greater mummy
101876 | Tomb:3   | Reached skill level 27 in Maces & Flails
101876 | Tomb:3   | Noticed a greater mummy
101883 | Tomb:3   | HP: 2/199 [smoke demon/divine providence[a greater mummy]
                  | (10)]
101886 | Tomb:3   | Killed a greater mummy
101890 | Tomb:3   | Killed from afar by a greater mummy

Levels and vault maps discovered:
D:1:      dpeg_arrival_tiny_i, layout_loops_corners, minivault_26, minmay_cupped
D:2:      layout_basic, elyvilon_altar_4, marbit_many_paths
D:3:      layout_loops_ring, st_stairs_14, minmay_misc_feat_doors,
          columned_hall_lemuel
D:4:      layout_basic, zin_scriptorium, serial_shops, shop, shop,
          minmay_misc_feat_hallway, uniq_robin
D:5:      layout_gridville, fiery_altar_vehumet, lemuel_blue_sif_altar,
          first_ration, minivault_26, chequers_jeans, dk_vineyard_3,
          uniq_blork_the_orc
D:6:      layout_loops_cross, minmay_temple_entry_nine_rooms,
          uniq_prince_ribbit1
D:7:      layout_gridville, old_standard_altar,
          gammafunk_ghost_wrathful_warriors, serial_shops, nicolae_shop_trees,
          nicolae_shop_stone, shop_statue
D:8:      layout_cave_pools, gammafunk_temple_overflow_elements,
          lemuel_round_altar, lair_entry_dummy
D:9:      layout_roguey, uniq_joseph
D:10:     layout_small_grid, enter_trove_5
D:11:     layout_loops_corners, serial_undead, serial_undead_d, serial_undead_a,
          serial_undead_c, serial_undead_b, serial_undead_c, uniq_fannar
D:12:     layout_irregular_city, orc_david_3
D:13:     gammafunk_sealed_arena, layout_irregular_city
D:14:     layout_gridville, grunt_vaults_entry_fortified, fountainhead,
          enter_bailey_2, serial_shops,
          nicolae_shop_temple_entry_statues_fountains, hangedman_stone_soup
D:15:     grunt_enter_depths_hoard, layout_long_grid, roderic_serpentine_path
Temple:   nicolae_temple_figure_eight
Lair:1:   layout_cave_pods, disabler_island
Lair:2:   cheibrodos_lair_river_kwai, layout_misc_corridors,
          minmay_swamp_entry_eels, small_statue_intersection
Lair:3:   gammafunk_lair_enchanted_lake, layout_long_grid,
          minmay_snake_entry_guardpost_small, uniq_snorg
Lair:4:   statuecave_lemuel, layout_loops_ring, uniq_kirke
Lair:5:   layout_hall_layers, serial_bayou_pond_d, grunt_megastairs_5,
          serial_bayou_shore_b, lemuel_fruit_fields, infiniplex_staircase_pool,
          serial_bayou_shore_a
Lair:6:   minmay_lair_end_frog_pond, layout_misc_corridors, slime_altar_2,
          gauntlet_entry_generic, enter_volcano_1, chequers_serial_rivers_room_b
Swamp:1:  layout_basic_swamp, ebering_ghost_disaster_area,
          evilmike_swamp_ruin_house_4, swamp_pool1, hangedman_swamp_muck,
          infiniplex_staircase_pool_2
Swamp:2:  layout_basic_swamp, hangedman_swamp_ruin_hall,
          cheibrodos_swamp_kobolds
Swamp:3:  nicolae_swamp_phyte_club, layout_basic_swamp,
          hangedman_swamp_ruin_wall, swamp_pool5, nicolae_swamp_snake_nest
Swamp:4:  swamp_old_school, layout_basic_swamp, uniq_aizul
Snake:1:  layout_rooms, serial_shops, nicolae_shop_behind_doors,
          serial_bayou_pond_e, drop_trap
Snake:2:  layout_cave_town, st_stairs_4, minmay_shop_star, grunt_megastairs_1
Snake:3:  layout_cave_town, serial_shops, shop_fountains
Snake:4:  grunt_snake_rune_pools, layout_misc_corridors, minmay_shoptagon
Slime:1:  layout_caves
Slime:2:  layout_caves
Slime:3:  layout_caves
Slime:4:  layout_caves
Slime:5
Orc:1:    cheibrodos_orc_guarddog, layout_caves, ebering_ghost_disaster_area,
          portal_ice_cave_entry_ice_beasts, nicolae_orc_jurassic_orc,
          uniq_maurice
Orc:2:    st_orc_mages, layout_caves, serial_shops, statue_bzr, elf_legates
Elf:1:    eino_elf_arrival_sip, layout_loops_corners, basic_altar,
          minmay_elf_sorcery, hangedman_elven_crosses_minicolossus
Elf:2:    layout_geoelf_octagon, serial_shops, nicolae_shop_statue_plus,
          minivault_23, uniq_louise
Elf:3:    grunt_elf_hall_spiral, layout_loops_ring, serial_shops, shop_statue,
          uniq_roxanne
Vaults:1: hangedman_vaults_snaps, vaults_room_grunt_arrival_ludios,
          nicolae_vaults_octagons, ontoclasm_vaults_pinch, vaults_dpeg_cross,
          nicolae_vaults_yaktaur_gun_rack, nicolae_vaults_little_squares_4,
          layout_vaults_omnigrid
Vaults:2: v_alt_pattern_6, vaults_standard_mumra_x, ontoclasm_vaults_spin,
          v_rooms_3, nicolae_vaults_little_squares_4,
          vaults_room_hangedman_quadrants, vaults_room_door_ring, v_misc_9,
          nicolae_vaults_mini_display_case, nicolae_vaults_little_squares_6,
          hangedman_vaults_corner_blocks, ontoclasm_vaults_gateway,
          hangedman_vaults_stretched_pinwheel, vaults_room_door_ring,
          serial_ice_h, layout_vaults_omnibox, serial_shops, shop_fountains,
          shop, shop_statue, uniq_margery
Vaults:3: minmay_crypt_entry_simple_round, nicolae_vaults_network_star,
          grunt_vaults_hallway_long, ontoclasm_vaults_decontamination,
          st_lattice, nicolae_vaults_disjoint_gnomons, v_misc_13,
          ontoclasm_vaults_hangar, v_rooms_6, nicolae_vaults_little_ls,
          grunt_vaults_hallway_short, layout_vaults_maze
Vaults:4: nicolae_vaults_little_squares_4, v_pattern_3, vaults_room_grid,
          nicolae_vaults_network_square, nicolae_vaults_little_squares_1,
          vaults_room_large_hall, grunt_vaults_trifunnel, v_alt_pattern_4,
          v_alt_pattern_4, vaults_mumra_chevron_long,
          nicolae_vaults_little_squares_3, nicolae_vaults_asterisk,
          vaults_mumra_lcd, v_rooms_2, ontoclasm_vaults_twist,
          grunt_vaults_hallway_short, layout_vaults_omnicross, uniq_mara
Vaults:5: serial_shops, uniq_mennas
Crypt:1:  layout_misc_corridors
Crypt:2:  layout_gridlike
Crypt:3:  lightli_unholy_cathedral, layout_chaotic_city,
          tomb_entry_moat_badplayer
Tomb:1
Tomb:2:   uniq_khufu
Tomb:3
Depths:1: layout_cave_shapes, enter_ziggurat_d, chequers_serial_rivers_small_3,
          hell_entry, serial_shops, kennysheep_mini_moat, kennysheep_mini,
          nicolae_shop_overgrown_old_shop, roderic_lattice_a, tso_altar
Depths:2: minmay_octo_star, layout_gridlike,
          ploomutoo_gammafunk_ghost_potion_laboratory,
          chequers_serial_rivers_micro_c, pf_coc_iceberg, uniq_enchantress,
          uniq_asterion
Depths:3: onia_ninara_swampy_vault, layout_cave_pools, pan_entry, hell_entry,
          minivault_10, grunt_decor_one_mirror, infiniplex_staircase_zigzag_5
Depths:4: minmay_the_grid_triangle_9x9_recursive_2
          [minmay_the_grid_triangle_9x9_prize_center,
          minmay_the_grid_triangle_9x9_warning,
          minmay_the_grid_triangle_9x9_corrupted_corridor,
          minmay_the_grid_triangle_9x9_limited_checkers], layout_twisted_cross,
          serial_shops, nicolae_shop_temple_entry_statues_fountains, hell_entry,
          abyss_entry, rand_demon_pan_entry_1, glass_columns_a
Depths:5: evilmike_zot_entry_castle, layout_gridlike, minmay_hedge_maze,
          hell_entry, uniq_xtahua
Hell
Dis:1:    layout_subdivisions
Dis:2:    layout_chaotic_city
Dis:3:    lemuel_mystery_crypt, layout_regular_city, nicolae_dis_iron_filings,
          hangedman_dis_decor_blocks_crown, lemuel_elevator
Dis:4:    layout_jigsaw, hangedman_dis_chains
Dis:5:    layout_gridville
Dis:6:    layout_chaotic_city
Dis:7:    iron_city_of_dis [dis_mu, dis_wall_3], layout_chaotic_city,
          nicolae_dis_strange_trophy_room
Geh:1:    layout_gehenna_lava_caves
Geh:2:    layout_gehenna_pools_triple
Geh:3:    layout_gehenna_lava_caves
Geh:4:    layout_gehenna_lava_caves
Geh:5:    layout_gehenna_pools_triple, nicolae_geh_fiery_graves
          [nicolae_geh_single_fiery_grave, nicolae_geh_single_fiery_grave,
          nicolae_geh_single_fiery_grave, nicolae_geh_single_fiery_grave,
          nicolae_geh_single_fiery_grave, nicolae_geh_single_fiery_grave,
          nicolae_geh_single_fiery_grave, nicolae_geh_single_fiery_grave,
          nicolae_geh_single_fiery_grave], gehenna_fire_generator
Geh:6:    layout_gehenna_lava_caves
Geh:7:    geh_grunt
Coc:1:    layout_ice_bergs
Coc:2:    layout_cocytus_water_paths
Coc:3:    layout_ice_bergs
Coc:4:    layout_cocytus_water_paths
Coc:5:    layout_ice_bergs, lemuel_elevator
Coc:6:    layout_cocytus_water_paths
Coc:7:    coc_hangedman
Tar:1:    layout_cathedral_of_symmetry, nicolae_tar_cuneiform_bird,
          nicolae_tar_cuneiform_to_be, nicolae_tar_cuneiform_not,
          nicolae_tar_cuneiform_water
Tar:2:    layout_catacombs, nicolae_tar_cuneiform_heaven
Tar:3:    layout_grid_maze
Tar:4:    layout_grid_maze
Tar:5:    layout_cathedral_of_symmetry
Tar:6:    layout_cathedral_of_symmetry
Tar:7:    tar_minmay_river

Skill      XL: |  1  2  3  4  5  6  7  8  9 10 11 12 13 14 15 16 17 18 19 20 21 22 23 24 25 26 27 |
---------------+----------------------------------------------------------------------------------+-----
Maces & Flails | 3 4 5 7 8 10 11 12 14 15 16 27 | 27.0
Shields        | 4 5 6 7 8 9 10 11 12 13 14 15 16 17 18 19 20 21 22 23 25 | 25.0
Fighting       | 4 5 6 7 8 9 10 11 12 13 15 16 18 19 20 22 23 24 25 26 27 | 27.0
Armour         | 4 5 6 7 8 9 10 11 12 13 14 15 16 17 18 19 20 21 22 23 27 | 27.0
Invocations    | 2 4 5 7 8 27 | 27.0
Dodging        | 2 4 6 7 8 27 | 27.0
Evocations     | 2 5 26 | 26.6
Spellcasting   | 1 15 | 15.0
Hexes          | 1 11 | 11.0
Charms         | 1 15 | 15.0
Translocations | 1 7 |  7.0
Air Magic      | 1 15 | 15.0
Crossbows      | 4 |  4.8
Earth Magic    | 6 |  6.8

Action                   |  1- 3 |  4- 6 |  7- 9 | 10-12 | 13-15 | 16-18 | 19-21 | 22-24 | 25-27 || total
-------------------------+-------+-------+-------+-------+-------+-------+-------+-------+-------++-------
Melee: Flail             |   103 |   333 |   589 |   437 |       |       |       |       |       ||  1462
       Morningstar       |       |       |       |   478 |  1221 |       |       |       |       ||  1699
       Eveningstar       |       |       |       |       |    71 |  1727 |  1708 |  1352 | 10632 || 15490
       Headbutt          |       |       |       |       |       |       |       |       |     3 ||     3
Throw: Throwing net      |       |       |       |       |       |       |       |       |     1 ||     1
 Cast: Deflect Missiles  |       |       |       |       |       |       |       |       |     8 ||     8
       Silence           |       |       |       |       |       |       |       |       |     7 ||     7
       Blink             |       |       |       |       |       |       |       |       |     4 ||     4
Invok: Heroism           |       |       |     1 |    14 |    14 |    14 |     9 |    10 |     8 ||    70
       Finesse           |       |       |       |       |     8 |     4 |     5 |     5 |     3 ||    25
       Cleansing Flame   |       |       |       |       |       |       |       |       |   647 ||   647
       Summon Divine War |       |       |       |       |       |       |       |       |    34 ||    34
       Divine Shield     |       |       |       |       |       |       |       |       |    22 ||    22
       Brand Weapon With |       |       |       |       |       |       |       |       |     1 ||     1
 Abil: Fly               |       |       |       |       |     1 |       |       |       |     2 ||     3
       Stop Flying       |       |       |       |       |       |       |       |     1 |     1 ||     2
Evoke: Wand              |       |       |       |       |    12 |       |     4 |     1 |    12 ||    29
       Phantom mirror    |       |       |       |       |       |       |       |       |     1 ||     1
  Use: Scroll            |       |    14 |     7 |    11 |    12 |     5 |    12 |     3 |    79 ||   143
       Potion            |       |       |     1 |     1 |       |     4 |       |     5 |    84 ||    95
 Stab: Distracted        |       |       |       |       |     1 |       |       |       |     2 ||     3
       Invisible         |       |       |       |       |       |       |       |       |     3 ||     3
  Eat: Chunk             |     1 |     8 |    12 |    13 |    26 |    13 |    22 |    18 |    52 ||   165
       Ration            |       |       |     1 |     3 |     3 |     6 |     3 |     2 |    70 ||    88
Armor: Scale mail        |    73 |    99 |   417 |   378 |   152 |       |       |       |       ||  1119
       Chain mail        |    20 |    79 |       |       |       |       |       |       |       ||    99
       Plate armour      |       |       |       |       |   177 |   610 |   582 |   666 |   430 ||  2465
       Gold dragon scale |       |       |       |       |       |       |       |       |  4164 ||  4164
Dodge: Dodged            |    31 |    47 |   157 |   200 |   154 |   256 |   317 |   269 |  2957 ||  4388
       Deflected         |       |       |       |       |       |       |       |       |    44 ||    44
Block: Shield            |    12 |       |       |       |       |       |       |       |       ||    12
       Large shield      |   112 |   290 |   667 |   991 |  1310 |  2301 |  2044 |  1782 | 16007 || 25504
       Reflection        |       |       |       |     2 |    40 |   157 |   127 |    63 |   510 ||   899
